 Dungeon Crawl Stone Soup version 0.30-a0-145-g03d90e2e6d (webtiles) character file.

Game seed: 4853370168537034302

91548 qw the Severer (level 16, 1/1 HPs)
             Began as a Gargoyle Fighter on Sept 26, 2022.
             Was an Initiate of Okawaru.
             Quit the game in the Ecumenical Temple.
             The game lasted 02:37:49 (97167 turns).

qw the Severer (Gargoyle Fighter)                  Turns: 97167, Time: 02:37:49

Health: 1/1        AC: 47    Str: 26    XL:     16   Next: 3%
Magic:  23/23      EV:  5    Int: 11    God:    Okawaru [......]
Gold:   2775       SH: 10    Dex:  9    Spells: 15/15 levels left

rFire   . . .      SeeInvis +    Y - +4 broad axe (flame)
rCold   . . .      Faith    .    l - +0 kite shield
rNeg    + + .      Spirit   .    b - +1 crystal plate armour
rPois   inf        Reflect  .    g - +2 helmet
rElec   +          Harm     .    v - +0 cloak
rCorr   .          Rampage  .    c - +0 pair of gloves {hurl}
Will    +....                    p - +2 pair of boots
Stlth   ..........               i - amulet of regeneration
HPRegen 0.80/turn                n - ring of positive energy
MPRegen 0.18/turn                j - ring of see invisible

@: flying
A: sickness immunity, AC +12, big wings, negative energy resistance 1,
electricity resistance, torment resistance 1, petrification resistance
a: Renounce Religion


You were in the Ecumenical Temple.
You worshipped Okawaru.
Okawaru was noncommittal.
You visited 4 branches of the dungeon, and saw 23 of its levels.
You also visited: Ossuary.

You collected 3074 gold pieces.
You spent 299 gold pieces at shops.


Innate Abilities, Weirdness & Mutations

You are immune to sickness and miasma.
Your stone body is resilient. (AC +12)
You are immune to poison.
Your large and strong wings let you fly.
You resist negative energy. (rN+)
You are resistant to electric shocks. (rElec)
You are resistant to unholy torment.
You are immune to petrification.


   Skills:
 - Level 12.0 Fighting
 - Level 16.0 Axes
 - Level 6.1 Throwing
 - Level 14.9 Armour
 - Level 2.0 Dodging
 + Level 10.9 Shields
 - Level 10.0 Invocations


You had 15 spell levels left.
You didn't know any spells.
Your spell library was empty.

Inventory:

Hand Weapons
 Y - a +4 broad axe of flaming (weapon)
Missiles
 o - 3 boomerangs
 B - 17 javelins (quivered)
Armour
 b - a +1 crystal plate armour (worn)
 c - a +0 pair of gloves of hurling (worn)
 g - a +2 helmet (worn)
 l - a +0 kite shield (worn)
 p - a +2 pair of boots (worn)
 s - the +0 hat of the Orb Guardian {Drain rCorr Int+5 Stlth-}
   (Okawaru gifted it to you on level 2 of the Lair of Beasts)

   Int:       It affects your intelligence (+5).
   rCorr:     It protects you from acid and corrosion.
   Drain:     It drains your maximum health when unequipped.
   Stlth:     It makes you less stealthy.
 v - a +0 cloak (worn)
 x - the +2 hat of Eternal Vigilance {MP+9 Int-3 SInv Stlth-}
   (You acquired it on level 1 of the Lair of Beasts)

   Int:       It affects your intelligence (-3).
   MP:        It affects your magic capacity (+9).
   SInv:      It lets you see invisible.
   Stlth:     It makes you less stealthy.
Jewellery
 i - an amulet of regeneration (around neck)
 j - a ring of see invisible (right hand)
 n - a ring of positive energy (left hand)
Wands
 m - a wand of digging (10)
Scrolls
 h - 13 scrolls of identify
Potions
 a - 5 potions of mutation
 d - 9 potions of might
 e - 3 potions of cancellation
 f - 11 potions of curing
 r - 2 potions of haste
 t - 3 potions of resistance
 u - 6 potions of heal wounds
 w - 4 potions of lignification
 A - 4 potions of attraction

Dungeon Overview and Level Annotations

Branches:
Dungeon (15/15) Zot: 539   Temple (1/1) D:4            Lair (5/5) D:9
  Swamp (0/4) Lair:3       Spider (0/4) Lair:2        Slime (0/5) Lair:4
    Orc (2/2) D:11 Zot: 926  Vaults (0/5) D:13         Depths (0/4) D:15
Ossuary (visited)
    Elf: Orc:2

Altars:
Ashenzari
Cheibriados
Dithmenos
Elyvilon
Fedhas
Gozag
Hepliaklqana
Kikubaaqudgha
Makhleb
Nemelex Xobeh
Okawaru
Qazlal
Ru
Sif Muna
Trog
Uskayaw
Vehumet
Wu Jian
Xom
Yredelemnul
Zin
The Shining One

Shops:
D:1 [   D:7 :*=:!=   D:15 :

Annotations:
D:11 4 runed translucent doors


Message History

Done exploring.
97163 ||| Stepping randomly (stuck).
Done exploring.
(D) Dungeon (T) Temple (L) Lair (S) Swamp (N) Spider Nest (M) Slime Pits (O) Orcish Mines (V) Vaults (U) Depths
Where to? (* - list waypoints, Enter - Orc:1, ? - help)
What level of the Orcish Mines? (default 1, ? - help)
There is a staircase back to the Dungeon here.
You have just 539 turns in the Dungeon to find a new floor before Zot consumes you.
Enter next level anyway?
Done exploring.
(D) Dungeon (T) Temple (L) Lair (S) Swamp (N) Spider Nest (M) Slime Pits (O) Orcish Mines (V) Vaults (U) Depths
Where to? (* - list waypoints, Enter - Orc:1, ? - help)
What level of the Orcish Mines? (default 1, ? - help)
You have just 539 turns in the Dungeon to find a new floor before Zot consumes you.
Enter next level anyway?
Done exploring.
97165 ||| Stepping randomly (stuck).
Done exploring.
(D) Dungeon (T) Temple (L) Lair (S) Swamp (N) Spider Nest (M) Slime Pits (O) Orcish Mines (V) Vaults (U) Depths
Where to? (* - list waypoints, Enter - Orc:1, ? - help)
What level of the Orcish Mines? (default 1, ? - help)
There is a staircase back to the Dungeon here.
You have just 539 turns in the Dungeon to find a new floor before Zot consumes you.
Enter next level anyway?
Done exploring.
(D) Dungeon (T) Temple (L) Lair (S) Swamp (N) Spider Nest (M) Slime Pits (O) Orcish Mines (V) Vaults (U) Depths
Where to? (* - list waypoints, Enter - Orc:1, ? - help)
What level of the Orcish Mines? (default 1, ? - help)
You have just 539 turns in the Dungeon to find a new floor before Zot consumes you.
Enter next level anyway?
Done exploring.
Are you sure you want to abandon this character and quit the game? (Confirm with "yes".)

77~~~~~~~...~~~77 77~~~¤.....~~~
7~~~~~~.......~~777~~~~.......~~
7~~~~~.......7......~.777.._..~~
77~~~......7...._..~~.....¤..~~~
7~~~..7.7....~...~~~~._..77.~77
77~...7...._.......~.....77777
7~............77....~.77.77
7~..¤...7....~..7~_...77..77
7~~...¤......@..7........~~77
77~...........¤.77.......~~~77
7~~.......7.7........._..~~~7
77~~..7.....~.._.........~~~~
7~~~.7....~........¤~~~..~~~
77~~.7..._..~~~.~.~~~~~..~~~
7~~~.~7.¤...77._.~~~~~~..~~
77~~~.~77....77.......~~..~~
77~~~..777......7...._......~


There were no monsters in sight!

Vanquished Creatures
  Rupert (D:13)
  Frances (D:13)
  Gastronok (Lair:1)
  An ironbound preserver (D:13)
  Nessos (D:15)
  2 fire dragons
  An ettin (D:15)
  6 hydras
  5 catoblepae
  5 centaur warriors
  5 boulder beetles
  A rakshasa (D:13)
  3 two-headed ogres
  A death knight (D:13)
  Urug (Lair:2)
  2 tengu warriors (D:15)
  14 death yaks (Lair:5)
  Sonja (Lair:1)
  A hell knight (D:15)
  A glowing orange brain (shapeshifter) (D:15)
  A swamp dragon (shapeshifter) (D:13)
  A skeletal warrior (D:13)
  2 wizards (D:15)
  A bog body (Lair:3)
  3 orc knights (Orc:1)
  26 ugly things
  3 deep elf pyromancers
  3 manticores
  An oklob plant (Lair:5)
  A salamander (shapeshifter) (D:14)
  6 cyclopes
  4 elephants (Lair:2)
  4 black mambas
  An unseen horror (D:13)
  A gargoyle (D:11)
  9 cane toads
  7 komodo dragons
  A rime drake (Lair:2)
  An efreet (D:14)
  A freezing wraith (D:13)
  3 kobold demonologists
  11 trolls
  A tengu conjurer (D:14)
  6 meliai
  A hornet (D:9)
  A queen bee (D:15)
  A polar bear (Lair:2)
  Grinder (D:4)
  Prince Ribbit (D:5)
  11 blink frogs
  A raiju (shapeshifter) (D:11)
  5 dream sheep (Lair:5)
  A slime creature (D:6)
  A jumping spider (shapeshifter) (D:15)
  A water elemental (D:14)
  4 wraiths
  3 wyverns
  A vampire (D:13)
  45 yaks
  3 basilisks
  2 steam dragons (D:9)
  11 vampire mosquitoes
  Edmund (D:5)
  A harpy simulacrum (D:15)
  3 swamp worms (Lair:3)
  2 wargs (Orc:1)
  3 acid dragons
  11 water moccasins
  12 orc warriors
  2 ice beasts
  3 black bears
  8 centaurs
  3 ogres (Orc:1)
  29 wolves
  A phantom (D:5)
  2 kobold brigands
  Blork the orc (D:5)
  5 bullfrogs
  4 necrophages
  3 scorpions
  2 gnoll sergeants
  11 wights
  22 killer bees
  6 howler monkeys
  6 electric eels
  2 gnoll boudas
  4 orc priests
  7 hounds
  7 jellies (D:6)
  3 iguanas
  Terence (D:3)
  12 orc wizards
  8 mummies (Ossuary)
  17 gnolls
  5 adders
  A shadow imp (D:6)
  3 white imps
  2 ufetubi
  2 worms
  2 dart slugs (D:1)
  58 orcs
  14 endoplasms
  A giant cockroach (D:3)
  20 goblins
  11 hobgoblins
  5 jackals (D:2)
  15 kobolds
  A quokka (D:1)
  5 ball pythons
  A bat (D:3)
  3 frilled lizards
  3 hobgoblin zombies (Ossuary)
  3 kobold zombies (Ossuary)
  2 orc zombies (Ossuary)
  5 rats
  2 bushes (Lair:5)
612 creatures vanquished.

Vanquished Creatures (others)
  An unseen horror (D:13)
  A gnoll (D:9)
  24 fungi
  38 plants
64 creatures vanquished.

Grand Total: 676 creatures vanquished

Notes
Turn   | Place    | Note
-------+----------+-------------------------------------------
     0 | D:1      | qw the Gargoyle Fighter began the quest for the Orb.
     0 | D:1      | Reached XP level 1. HP: 14/14 MP: 1/1
     0 | D:1      | 0 ||| qw: Version: 0.2-a-10-g399e6c4
     0 | D:1      | 0 ||| qw: Game counter: 522
     0 | D:1      | 0 ||| qw: Always use a shield: true
     0 | D:1      | 0 ||| qw: God list: Okawaru
     0 | D:1      | 0 ||| qw: Allow faded altars: false
     0 | D:1      | 0 ||| qw: Do Orc after D:15 true
     0 | D:1      | 0 ||| qw: Do second Lair branch before Depths: true
     0 | D:1      | 0 ||| qw: Lair rune preference: random
     0 | D:1      | 0 ||| qw: Plans: Normal, Zot:1-4, God:TSO, Crypt, Tomb,
                  | Pan, Slime:5, Hells, Abyss, Orb
     0 | D:1      | 0 ||| PLANNING D:1-11
    68 | D:1      | Reached skill level 2 in Axes
   151 | D:1      | 151 ||| Stepping ~*~*~tactically~*~*~ (hiding).
   177 | D:1      | Reached XP level 2. HP: 19/19 MP: 2/2
   393 | D:1      | Found Paasmula's Armour Emporium.
   399 | D:1      | 399 ||| Stepping ~*~*~tactically~*~*~ (stealth).
   454 | D:1      | 454 ||| SHOPLISTING +0 helmet (54 gold, have 2).
  1033 | D:1      | Found a faded altar of an unknown god.
  1128 | D:1      | 1128 ||| UPGRADING to amulet of regeneration.
  1133 | D:1      | 1133 ||| READING scroll labelled VYL AMAYGOCY.
  1136 | D:1      | 1136 ||| READING 2 scrolls labelled OTUSEPSULAY.
  1137 | D:1      | 1137 ||| DRINKING 2 metallic yellow potions.
  1194 | D:2      | Reached skill level 3 in Axes
  1194 | D:2      | Reached XP level 3. HP: 23/23 MP: 3/3
  1357 | D:2      | 1357 ||| DROPPING +1 vorpal hand axe.
  1413 | D:2      | 1413 ||| Stepping ~*~*~tactically~*~*~ (stealth).
  1552 | D:2      | 1552 ||| DROPPING +0 whip of venom.
  1646 | D:2      | Reached XP level 4. HP: 28/28 MP: 4/4
  1664 | D:2      | Reached skill level 4 in Axes
  1698 | D:2      | 1698 ||| UPGRADING to +0 fire dragon scales.
  1708 | D:2      | 1708 ||| DROPPING +0 scale mail.
  1709 | D:2      | 1709 ||| UPGRADING to ring of positive energy.
  1710 | D:2      | 1710 ||| READING scroll labelled HUTRARH LUHA.
  1711 | D:2      | 1711 ||| READING scroll labelled TAXOOKHL PESHIR.
  1712 | D:2      | 1712 ||| READING scroll labelled TIOSAIS WEPRYSS.
  1713 | D:2      | 1713 ||| READING scroll labelled IRGHEI WAENNAO.
  1714 | D:2      | 1714 ||| READING scroll labelled RUETAAMESK.
  1715 | D:2      | 1715 ||| READING scroll labelled AGGEGI AREPP.
  1716 | D:2      | 1716 ||| READING 4 scrolls of identify.
  1716 | D:2      | 1716 ||| IDENTIFYING fizzy black potion
  1792 | D:3      | 1792 ||| Stepping ~*~*~tactically~*~*~ (stealth).
  1809 | D:3      | 1809 ||| Stepping ~*~*~tactically~*~*~ (hiding).
  1940 | D:3      | 1940 ||| Stepping ~*~*~tactically~*~*~ (stealth).
  2213 | D:3      | Noticed Terence
  2220 | D:3      | Killed Terence
  2221 | D:3      | Reached XP level 5. HP: 22/32 MP: 5/5
  2225 | D:3      | Reached skill level 5 in Axes
  2240 | D:3      | 2240 ||| DROPPING +2 whip of flaming.
  2309 | D:3      | 2309 ||| UPGRADING to +0 pair of boots.
  2314 | D:3      | 2314 ||| READING scroll labelled DOLIGA MUFROY.
  2315 | D:3      | 2315 ||| READING 3 scrolls of identify.
  2315 | D:3      | 2315 ||| IDENTIFYING bubbling inky potion
  2316 | D:3      | 2316 ||| READING 2 scrolls of identify.
  2316 | D:3      | 2316 ||| IDENTIFYING amethyst potion
  2317 | D:3      | 2317 ||| DROPPING potion of flight.
  2440 | D:4      | Found a staircase to the Ecumenical Temple.
  2441 | D:4      | 2441 ||| PLANNING TEMPLE
  2449 | Temple   | Entered the Ecumenical Temple
  2450 | Temple   | 2450 ||| PLANNING OKAWARU WORSHIP
  2632 | Temple   | Became a worshipper of Warmaster Okawaru
  2633 | Temple   | 2633 ||| PLANNING D:1-11
  2686 | D:4      | 2686 ||| Stepping ~*~*~tactically~*~*~ (stealth).
  2687 | D:4      | 2687 ||| Stepping ~*~*~tactically~*~*~ (stealth).
  2710 | D:4      | Noticed a black bear
  2713 | D:4      | Killed a black bear
  2714 | D:4      | Reached XP level 6. HP: 40/40 MP: 6/6
  2714 | D:4      | 2714 ||| Stepping ~*~*~tactically~*~*~ (hiding).
  2716 | D:4      | 2716 ||| Stepping ~*~*~tactically~*~*~ (hiding).
  2717 | D:4      | 2717 ||| Stepping ~*~*~tactically~*~*~ (hiding).
  2871 | D:4      | Noticed Grinder
  2880 | D:4      | Paralysed by Grinder for 3 turns
  2884 | D:4      | Killed Grinder
  2884 | D:4      | Reached * piety under Okawaru
  2885 | D:4      | Reached skill level 6 in Axes
  2885 | D:4      | Reached XP level 7. HP: 44/44 MP: 7/7
  2978 | D:4      | Reached skill level 1 in Invocations
  3353 | D:4      | 3353 ||| INVOKING Heroism.
  3359 | D:4      | Reached skill level 1 in Dodging
  3653 | D:4      | 3653 ||| UPGRADING to +1 helmet.
  3658 | D:4      | 3658 ||| DROPPING +1 hat.
  3676 | D:5      | Entered Level 5 of the Dungeon
  3696 | D:5      | 3696 ||| Stepping ~*~*~tactically~*~*~ (hiding).
  3715 | D:5      | Noticed Blork the orc
  3716 | D:5      | 3716 ||| INVOKING Heroism.
  3723 | D:5      | Killed Blork the orc
  3926 | D:5      | Reached skill level 3 in Invocations
  3935 | D:5      | Reached XP level 8. HP: 48/48 MP: 10/10
  3990 | D:5      | 3990 ||| Stepping ~*~*~tactically~*~*~ (stealth).
  4001 | D:5      | Reached skill level 7 in Axes
  4120 | D:5      | Noticed Edmund
  4121 | D:5      | 4121 ||| INVOKING Heroism.
  4133 | D:5      | Killed Edmund
  4141 | D:5      | 4141 ||| DROPPING +0 flail.
  4171 | D:5      | Noticed Prince Ribbit
  4172 | D:5      | 4172 ||| Stepping ~*~*~tactically~*~*~ (stealth).
  4174 | D:5      | 4174 ||| INVOKING Heroism.
  4178 | D:5      | Reached skill level 1 in Throwing
  4195 | D:5      | Killed Prince Ribbit
  4195 | D:5      | Reached ** piety under Okawaru
  4330 | D:5      | 4330 ||| DROPPING +0 chain mail.
  4331 | D:5      | 4331 ||| UPGRADING to +0 plate armour.
  4417 | D:6      | 4417 ||| INVOKING Heroism.
  4523 | D:6      | 4523 ||| Stepping ~*~*~tactically~*~*~ (hiding).
  4526 | D:6      | 4526 ||| Stepping ~*~*~tactically~*~*~ (hiding).
  4527 | D:6      | 4527 ||| Stepping ~*~*~tactically~*~*~ (hiding).
  4530 | D:6      | 4530 ||| Stepping ~*~*~tactically~*~*~ (hiding).
  4544 | D:6      | 4544 ||| INVOKING Heroism.
  4597 | D:6      | Reached XP level 9. HP: 55/55 MP: 12/12
  4606 | D:6      | Reached skill level 8 in Axes
  4629 | D:6      | 4629 ||| INVOKING Heroism.
  4644 | D:6      | Reached skill level 6 in Fighting
  4653 | D:6      | 4653 ||| INVOKING Heroism.
  4700 | D:6      | 4700 ||| UPGRADING to +2 pair of boots.
  4710 | D:6      | 4710 ||| DROPPING +0 pair of boots.
  4711 | D:6      | 4711 ||| READING scroll labelled LUAL BASYMN.
  4712 | D:6      | 4712 ||| READING 4 scrolls of identify.
  4712 | D:6      | 4712 ||| IDENTIFYING clear potion
  4713 | D:6      | 4713 ||| READING 3 scrolls of identify.
  4713 | D:6      | 4713 ||| IDENTIFYING emerald potion
  4714 | D:6      | 4714 ||| DROPPING potion of brilliance.
  4715 | D:6      | 4715 ||| READING scroll of teleportation.
  4718 | D:6      | 4718 ||| INVOKING Heroism.
  4788 | D:6      | 4788 ||| Stepping ~*~*~tactically~*~*~ (hiding).
  4791 | D:6      | 4791 ||| Stepping ~*~*~tactically~*~*~ (hiding).
  4952 | D:6      | 4952 ||| INVOKING Heroism.
  5130 | D:6      | 5130 ||| Stepping ~*~*~tactically~*~*~ (hiding).
  5266 | D:6      | 5266 ||| UPGRADING to ring of see invisible.
  5276 | D:6      | Reached skill level 9 in Axes
  5377 | D:7      | Found Nushuk's Book Shoppe.
  5378 | D:7      | 5378 ||| STAIRDANCE
  5389 | D:7      | 5389 ||| STAIRDANCE
  5398 | D:7      | 5398 ||| STAIRDANCE
  5447 | D:7      | Found Onanunef's Jewellery Emporium.
  5494 | D:7      | Found Paenwar's CLEARANCE SALE!.
  5561 | D:7      | 5561 ||| Stepping ~*~*~tactically~*~*~ (hiding).
  5583 | D:7      | 5583 ||| Stepping ~*~*~tactically~*~*~ (hiding).
  5585 | D:7      | 5585 ||| Stepping ~*~*~tactically~*~*~ (hiding).
  5703 | D:7      | Found Eleg's Book Emporium.
  5707 | D:7      | 5707 ||| Stepping ~*~*~tactically~*~*~ (stealth).
  5712 | D:7      | 5712 ||| Stepping ~*~*~tactically~*~*~ (stealth).
  5713 | D:7      | 5713 ||| Stepping ~*~*~tactically~*~*~ (stealth).
  5745 | D:7      | Found Faacsui's Distillery.
  5750 | D:7      | 5750 ||| BUYING 2 potions of heal wounds (130 gold).
  5750 | D:7      | Bought 2 potions of heal wounds for 130 gold pieces
  5750 | D:7      | 5750 ||| BUYING potion of curing (39 gold).
  5750 | D:7      | Bought a potion of curing for 39 gold pieces
  5750 | D:7      | 5750 ||| BUYING potion of heal wounds (65 gold).
  5750 | D:7      | Bought a potion of heal wounds for 65 gold pieces
  5750 | D:7      | 5750 ||| BUYING potion of heal wounds (65 gold).
  5750 | D:7      | Bought a potion of heal wounds for 65 gold pieces
  5750 | D:7      | 5750 ||| SHOPLISTING potion of mutation (104 gold, have
                  | 16).
  5768 | D:7      | Found Naffigec's Jewellery Boutique.
  5774 | D:7      | Reached *** piety under Okawaru
  5775 | D:7      | Reached skill level 6 in Armour
  5785 | D:7      | 5785 ||| INVOKING Heroism.
  5904 | D:7      | 5904 ||| SHOPLISTING +6 ring of dexterity (540 gold, have
                  | 16).
  5904 | D:7      | 5904 ||| SHOPLISTING ring of ice (375 gold, have 16).
  5904 | D:7      | 5904 ||| SHOPLISTING ring of see invisible (225 gold, have
                  | 16).
  5904 | D:7      | 5904 ||| SHOPLISTING ring of the Little Devil {Str+4 Dex+6}
                  | (771 gold, have 16).
  5988 | D:7      | 5988 ||| Stepping ~*~*~tactically~*~*~ (stealth).
  6093 | D:7      | 6093 ||| SHOPLISTING +4 ring of protection (504 gold, have
                  | 34).
  6093 | D:7      | 6093 ||| SHOPLISTING ring of ice (350 gold, have 34).
  6093 | D:7      | 6093 ||| SHOPLISTING ring of positive energy (280 gold,
                  | have 34).
  6093 | D:7      | 6093 ||| SHOPLISTING ring of protection from cold (350
                  | gold, have 34).
  6226 | D:7      | 6226 ||| UPGRADING to +0 cloak.
  6231 | D:7      | 6231 ||| READING scroll labelled WUDETW KEUS.
  6279 | D:8      | 6279 ||| PLANNING OSSUARY
  6336 | D:8      | Found a shadowy altar of Dithmenos.
  6337 | D:8      | Found an ornate altar of the Wu Jian Council.
  6339 | D:8      | Found a hazy altar of Hepliaklqana.
  6366 | D:8      | Found a sand-covered staircase.
  6371 | Ossuary  | Entered an ossuary
  6374 | Ossuary  | 6374 ||| INVOKING Heroism.
  6579 | Ossuary  | 6579 ||| READING 6 scrolls of identify.
  6579 | Ossuary  | 6579 ||| IDENTIFYING sedimented green potion
  6580 | Ossuary  | 6580 ||| READING 5 scrolls of identify.
  6580 | Ossuary  | 6580 ||| IDENTIFYING viscous inky potion
  6581 | Ossuary  | 6581 ||| READING 4 scrolls of identify.
  6581 | Ossuary  | 6581 ||| IDENTIFYING murky purple potion
  6582 | Ossuary  | 6582 ||| DROPPING potion of berserk rage.
  6603 | D:8      | 6603 ||| PLANNING D:1-11
  6649 | D:8      | Reached skill level 3 in Throwing
  6649 | D:8      | Reached XP level 10. HP: 63/63 MP: 13/13
  6728 | D:8      | 6728 ||| Stepping ~*~*~tactically~*~*~ (hiding).
  6949 | D:8      | 6949 ||| READING scroll of enchant weapon.
  6949 | D:8      | 6949 ||| ENCHANTING +1 war axe of freezing.
  7073 | D:8      | 7073 ||| READING scroll labelled XEUCER IN PAHIAR.
  7188 | D:9      | 7188 ||| STAIRDANCE
  7192 | D:8      | 7192 ||| INVOKING Heroism.
  7229 | D:9      | 7229 ||| INVOKING Heroism.
  7240 | D:9      | Reached skill level 10 in Axes
  7243 | D:9      | Reached **** piety under Okawaru
  7264 | D:9      | 7264 ||| INVOKING Heroism.
  7271 | D:9      | Found a staircase to the Lair.
  7293 | D:9      | 7293 ||| FLEEEEING.
  7302 | D:9      | 7302 ||| INVOKING Heroism.
  7303 | D:9      | HP: 11/63 [troll (7)]
  7304 | D:9      | 7304 ||| READING 3 scrolls of teleportation.
  7304 | D:9      | HP: 5/63 [troll (7)]
  7305 | D:9      | 7305 ||| DRINKING 4 potions of heal wounds.
  7339 | D:9      | 7339 ||| READING scroll of enchant armour.
  7339 | D:9      | 7339 ||| ENCHANTING +1 helmet.
  7414 | D:9      | 7414 ||| Stepping ~*~*~tactically~*~*~ (stealth).
  7417 | D:9      | 7417 ||| Stepping ~*~*~tactically~*~*~ (stealth).
  7427 | D:9      | 7427 ||| Stepping ~*~*~tactically~*~*~ (stealth).
  7430 | D:9      | 7430 ||| Stepping ~*~*~tactically~*~*~ (stealth).
  7474 | D:9      | 7474 ||| Stepping ~*~*~tactically~*~*~ (hiding).
  7477 | D:9      | 7477 ||| Stepping ~*~*~tactically~*~*~ (hiding).
  7580 | D:9      | Noticed a two-headed ogre
  7581 | D:9      | 7581 ||| INVOKING Heroism.
  7584 | D:9      | Killed a two-headed ogre
  7585 | D:9      | Reached skill level 6 in Invocations
  7695 | D:9      | 7695 ||| INVOKING Heroism.
  7708 | D:9      | Reached ***** piety under Okawaru
  7740 | D:9      | 7740 ||| INVOKING Heroism.
  7818 | D:9      | 7818 ||| PLANNING LAIR
  7818 | D:9      | 7818 ||| READING 3 scrolls of identify.
  7818 | D:9      | 7818 ||| IDENTIFYING glowing cyan potion
  7819 | D:9      | 7819 ||| DROPPING potion of degeneration.
  7860 | Lair:1   | Entered Level 1 of the Lair of Beasts
  7861 | Lair:1   | 7861 ||| PLANNING GAUNTLET
  7881 | Lair:1   | Noticed a black mamba
  7882 | Lair:1   | 7882 ||| INVOKING Heroism.
  7886 | Lair:1   | Killed a black mamba
  7887 | Lair:1   | Reached XP level 11. HP: 61/68 MP: 13/16
  7945 | Lair:1   | 7945 ||| Stepping ~*~*~tactically~*~*~ (stealth).
  7953 | Lair:1   | Received a gift from Okawaru
  7956 | Lair:1   | 7956 ||| INVOKING Heroism.
  8034 | Lair:1   | Noticed Gastronok
  8035 | Lair:1   | 8035 ||| INVOKING Heroism.
  8042 | Lair:1   | HP: 10/68 [Gastronok/the air (27)]
  8043 | Lair:1   | 8043 ||| READING 2 scrolls of teleportation.
  8044 | Lair:1   | 8044 ||| DRINKING 3 potions of heal wounds.
  8052 | Lair:1   | 8052 ||| INVOKING Heroism.
  8057 | Lair:1   | Received a gift from Okawaru
  8093 | Lair:1   | 8093 ||| Stepping ~*~*~tactically~*~*~ (water).
  8093 | Lair:1   | Noticed a catoblepas
  8101 | Lair:1   | 8101 ||| INVOKING Heroism.
  8115 | Lair:1   | Killed a catoblepas
  8115 | Lair:1   | Received a gift from Okawaru
  8175 | Lair:1   | 8175 ||| INVOKING Heroism.
  8187 | Lair:1   | Reached skill level 11 in Axes
  8192 | Lair:1   | Reached skill level 9 in Invocations
  8261 | Lair:1   | 8261 ||| INVOKING Heroism.
  8286 | Lair:1   | 8286 ||| RIP GAUNTLET
  8295 | Lair:1   | 8295 ||| PLANNING LAIR
  8380 | Lair:1   | 8380 ||| INVOKING Heroism.
  8397 | Lair:1   | Killed Gastronok
  8397 | Lair:1   | Received a gift from Okawaru
  8563 | Lair:1   | 8563 ||| INVOKING Heroism.
  8685 | Lair:1   | Noticed Sonja
  8686 | Lair:1   | 8686 ||| INVOKING Finesse.
  8703 | Lair:1   | 8703 ||| INVOKING Finesse.
  8704 | Lair:1   | Killed Sonja
  8869 | Lair:1   | 8869 ||| READING scroll labelled DAKHIM QOILIFA.
  8869 | Lair:1   | Identified a scroll of acquirement
  8869 | Lair:1   | 8869 ||| ACQUIRING +2 hat of Eternal Vigilance {MP+9 Int-3
                  | SInv Stlth-}
  8869 | Lair:1   | Acquired the +2 hat of Eternal Vigilance {MP+9 Int-3 SInv
                  | Stlth-}
  8871 | Lair:1   | 8871 ||| READING 3 scrolls of identify.
  8871 | Lair:1   | 8871 ||| IDENTIFYING pink potion
  8877 | Lair:2   | 8877 ||| INVOKING Heroism.
  8912 | Lair:2   | 8912 ||| Stepping ~*~*~tactically~*~*~ (stealth).
  8933 | Lair:2   | Reached XP level 12. HP: 66/75 MP: 19/19
  8950 | Lair:2   | Found a hole to the Spider Nest.
  8966 | Lair:2   | 8966 ||| Stepping ~*~*~tactically~*~*~ (stealth).
  8967 | Lair:2   | 8967 ||| Stepping ~*~*~tactically~*~*~ (stealth).
  8969 | Lair:2   | 8969 ||| Stepping ~*~*~tactically~*~*~ (stealth).
  8978 | Lair:2   | Reached skill level 9 in Fighting
  8984 | Lair:2   | 8984 ||| Stepping ~*~*~tactically~*~*~ (stealth).
  8986 | Lair:2   | 8986 ||| Stepping ~*~*~tactically~*~*~ (stealth).
  8989 | Lair:2   | 8989 ||| Stepping ~*~*~tactically~*~*~ (stealth).
  9018 | Lair:2   | 9018 ||| Stepping ~*~*~tactically~*~*~ (stealth).
  9021 | Lair:2   | 9021 ||| Stepping ~*~*~tactically~*~*~ (stealth).
  9115 | Lair:2   | 9115 ||| INVOKING Heroism.
  9178 | Lair:2   | You fall into a shaft and drop 1 floor!
  9214 | Lair:3   | 9214 ||| Stepping ~*~*~tactically~*~*~ (stealth).
  9216 | Lair:3   | 9216 ||| Stepping ~*~*~tactically~*~*~ (stealth).
  9219 | Lair:3   | 9219 ||| Stepping ~*~*~tactically~*~*~ (stealth).
  9220 | Lair:3   | 9220 ||| INVOKING Heroism.
  9227 | Lair:3   | Reached skill level 12 in Axes
  9307 | Lair:3   | 9307 ||| INVOKING Heroism.
  9342 | Lair:3   | 9342 ||| READING scroll labelled FOYTIN CIHEMIW.
  9356 | Lair:3   | 9356 ||| READING 4 scrolls of identify.
  9356 | Lair:3   | 9356 ||| IDENTIFYING sapphire potion
  9357 | Lair:3   | 9357 ||| DROPPING potion of invisibility.
  9361 | Lair:3   | Received a gift from Okawaru
  9369 | Lair:3   | 9369 ||| Stepping ~*~*~tactically~*~*~ (stealth).
  9371 | Lair:3   | 9371 ||| Stepping ~*~*~tactically~*~*~ (stealth).
  9373 | Lair:3   | 9373 ||| INVOKING Heroism.
  9394 | Lair:3   | Reached skill level 9 in Armour
  9438 | Lair:2   | Reached skill level 6 in Shields
  9537 | Lair:2   | Noticed Urug
  9538 | Lair:2   | 9538 ||| INVOKING Heroism.
  9539 | Lair:2   | 9539 ||| INVOKING Finesse.
  9549 | Lair:2   | Killed Urug
  9549 | Lair:2   | Identified the +0 hat of the Orb Guardian {Drain rCorr
                  | Int+5 Stlth-} (Okawaru gifted it to you on level 2 of the
                  | Lair of Beasts)
  9549 | Lair:2   | Received a gift from Okawaru
  9592 | Lair:2   | 9592 ||| SWAPPING to +2 broad axe.
  9593 | Lair:2   | 9593 ||| DROPPING +2 war axe of freezing.
  9809 | Lair:2   | 9809 ||| READING scroll of brand weapon.
  9809 | Lair:2   | 9809 ||| BRANDING +2 broad axe.
  9810 | Lair:2   | 9810 ||| DROPPING +7 flail of holy wrath.
 10020 | Lair:3   | 10020 ||| Stepping ~*~*~tactically~*~*~ (stealth).
 10107 | Lair:3   | 10107 ||| INVOKING Heroism.
 10316 | Lair:3   | 10316 ||| Stepping ~*~*~tactically~*~*~ (hiding).
 10319 | Lair:3   | 10319 ||| INVOKING Heroism.
 10388 | Lair:3   | Found a staircase to the Swamp.
 10474 | Lair:3   | 10474 ||| READING scroll of acquirement.
 10474 | Lair:3   | 10474 ||| ACQUIRING 1121 gold pieces
 10474 | Lair:3   | Acquired 1121 gold pieces
 10510 | Lair:3   | 10510 ||| INVOKING Heroism.
 10740 | Lair:4   | Noticed a boulder beetle
 10741 | Lair:4   | 10741 ||| INVOKING Heroism.
 10742 | Lair:4   | 10742 ||| INVOKING Finesse.
 10750 | Lair:4   | Killed a boulder beetle
 11145 | Lair:4   | Noticed a five-headed hydra
 11146 | Lair:4   | 11146 ||| INVOKING Heroism.
 11152 | Lair:4   | Killed a four-headed hydra
 11153 | Lair:4   | Reached XP level 13. HP: 76/82 MP: 18/20
 11281 | Lair:4   | 11281 ||| INVOKING Heroism.
 11282 | Lair:4   | 11282 ||| INVOKING Finesse.
 11539 | Lair:4   | Found a staircase to the Slime Pits.
 11587 | Lair:4   | 11587 ||| READING 5 scrolls of identify.
 11587 | Lair:4   | 11587 ||| IDENTIFYING bubbling blue potion
 11604 | Lair:5   | Entered Level 5 of the Lair of Beasts
 11610 | Lair:5   | 11610 ||| INVOKING Heroism.
 11615 | Lair:5   | Reached skill level 13 in Axes
 11674 | Lair:5   | 11674 ||| INVOKING Heroism.
 11746 | Lair:5   | 11746 ||| INVOKING Heroism.
 11747 | Lair:5   | 11747 ||| INVOKING Finesse.
 11766 | Lair:5   | Received a gift from Okawaru
 11784 | Lair:5   | Reached skill level 14 in Axes
 11827 | Lair:5   | 11827 ||| INVOKING Heroism.
 11828 | Lair:5   | 11828 ||| INVOKING Finesse.
 11860 | Lair:5   | HP: 17/82 [oklob plant/splash of acid (22)]
 11861 | Lair:5   | 11861 ||| READING scroll of teleportation.
 11862 | Lair:5   | 11862 ||| DRINKING 6 potions of heal wounds.
 12002 | Lair:5   | 12002 ||| INVOKING Heroism.
 12003 | Lair:5   | 12003 ||| INVOKING Finesse.
 12023 | Lair:5   | 12023 ||| FLEEEEING.
 12024 | Lair:5   | 12024 ||| FLEEEEING.
 12025 | Lair:5   | 12025 ||| FLEEEEING.
 12029 | Lair:5   | 12029 ||| STAIRDANCE
 12056 | Lair:4   | 12056 ||| DROPPING amulet of guardian spirit.
 12063 | Lair:5   | 12063 ||| INVOKING Heroism.
 12064 | Lair:5   | 12064 ||| INVOKING Finesse.
 12074 | Lair:5   | 12074 ||| FLEEEEING.
 12078 | Lair:5   | 12078 ||| STAIRDANCE
 12119 | Lair:5   | 12119 ||| INVOKING Heroism.
 12120 | Lair:5   | 12120 ||| INVOKING Finesse.
 12140 | Lair:5   | 12140 ||| FLEEEEING.
 12144 | Lair:5   | 12144 ||| STAIRDANCE
 12265 | Lair:5   | 12265 ||| INVOKING Heroism.
 12291 | Lair:5   | 12291 ||| FLEEEEING.
 12292 | Lair:5   | 12292 ||| FLEEEEING.
 12296 | Lair:5   | 12296 ||| STAIRDANCE
 12411 | Lair:5   | 12411 ||| INVOKING Heroism.
 12422 | Lair:5   | 12422 ||| FLEEEEING.
 12426 | Lair:5   | 12426 ||| STAIRDANCE
 12538 | Lair:5   | 12538 ||| INVOKING Heroism.
 12551 | Lair:5   | 12551 ||| FLEEEEING.
 12555 | Lair:5   | 12555 ||| STAIRDANCE
 12586 | Lair:5   | 12586 ||| INVOKING Heroism.
 12591 | Lair:5   | 12591 ||| FLEEEEING.
 12595 | Lair:5   | 12595 ||| STAIRDANCE
 12722 | Lair:5   | 12722 ||| INVOKING Heroism.
 12725 | Lair:5   | 12725 ||| FLEEEEING.
 12729 | Lair:5   | 12729 ||| STAIRDANCE
 12847 | Lair:5   | 12847 ||| FLEEEEING.
 12851 | Lair:5   | 12851 ||| STAIRDANCE
 12959 | Lair:5   | 12959 ||| FLEEEEING.
 12963 | Lair:5   | 12963 ||| STAIRDANCE
 12988 | Lair:5   | 12988 ||| FLEEEEING.
 12992 | Lair:5   | 12992 ||| STAIRDANCE
 13016 | Lair:5   | 13016 ||| INVOKING Heroism.
 13026 | Lair:5   | 13026 ||| FLEEEEING.
 13030 | Lair:5   | 13030 ||| STAIRDANCE
 13080 | Lair:5   | 13080 ||| INVOKING Heroism.
 13093 | Lair:5   | 13093 ||| FLEEEEING.
 13097 | Lair:5   | 13097 ||| STAIRDANCE
 13144 | Lair:5   | 13144 ||| INVOKING Heroism.
 13151 | Lair:5   | 13151 ||| FLEEEEING.
 13155 | Lair:5   | 13155 ||| STAIRDANCE
 13263 | Lair:5   | 13263 ||| INVOKING Heroism.
 13277 | Lair:5   | 13277 ||| FLEEEEING.
 13281 | Lair:5   | 13281 ||| STAIRDANCE
 13323 | Lair:5   | 13323 ||| FLEEEEING.
 13339 | Lair:5   | 13339 ||| FLEEEEING.
 13343 | Lair:5   | 13343 ||| STAIRDANCE
 13365 | Lair:5   | 13365 ||| INVOKING Heroism.
 13387 | Lair:5   | 13387 ||| FLEEEEING.
 13388 | Lair:5   | 13388 ||| FLEEEEING.
 13389 | Lair:5   | 13389 ||| FLEEEEING.
 13398 | Lair:5   | 13398 ||| STAIRDANCE
 13537 | Lair:5   | 13537 ||| FLEEEEING.
 13546 | Lair:5   | 13546 ||| STAIRDANCE
 13659 | Lair:5   | 13659 ||| INVOKING Heroism.
 13681 | Lair:5   | 13681 ||| FLEEEEING.
 13682 | Lair:5   | 13682 ||| FLEEEEING.
 13683 | Lair:5   | 13683 ||| FLEEEEING.
 13746 | Lair:5   | 13746 ||| INVOKING Heroism.
 13948 | Lair:5   | 13948 ||| INVOKING Heroism.
 13995 | Lair:5   | 13995 ||| READING scroll of enchant weapon.
 13995 | Lair:5   | 13995 ||| ENCHANTING +2 broad axe of flaming.
 14037 | Lair:5   | Found the +12 pair of quick blades "Gyre" and "Gimble"
                  | {protect}
 14046 | Lair:5   | 14046 ||| INVOKING Heroism.
 14159 | Lair:5   | 14159 ||| INVOKING Heroism.
 14178 | Lair:5   | 14178 ||| Stepping ~*~*~tactically~*~*~ (hiding).
 14209 | Lair:5   | Reached skill level 6 in Throwing
 14211 | Lair:5   | 14211 ||| INVOKING Heroism.
 14225 | Lair:5   | Received a gift from Okawaru
 14231 | Lair:5   | Gained mutation: Your large and strong wings let you fly.
                  | [Gargoyle growth]
 14231 | Lair:5   | Reached XP level 14. HP: 56/90 MP: 21/21
 14277 | Lair:5   | 14277 ||| INVOKING Heroism.
 14281 | Lair:5   | 14281 ||| Stepping ~*~*~tactically~*~*~ (stealth).
 14282 | Lair:5   | 14282 ||| Stepping ~*~*~tactically~*~*~ (stealth).
 14283 | Lair:5   | 14283 ||| Stepping ~*~*~tactically~*~*~ (stealth).
 14287 | Lair:5   | 14287 ||| Stepping ~*~*~tactically~*~*~ (stealth).
 14291 | Lair:5   | 14291 ||| INVOKING Heroism.
 14356 | Lair:5   | 14356 ||| INVOKING Heroism.
 14365 | Lair:5   | 14365 ||| INVOKING Finesse.
 14375 | Lair:5   | Reached skill level 15 in Axes
 14423 | Lair:5   | 14423 ||| INVOKING Heroism.
 14639 | Lair:5   | 14639 ||| PLANNING D:1-11
 14639 | Lair:5   | 14639 ||| UPGRADING to +0 crystal plate armour.
 14649 | Lair:5   | 14649 ||| DROPPING +0 fire dragon scales.
 14650 | Lair:5   | 14650 ||| DROPPING +0 plate armour.
 14651 | Lair:5   | 14651 ||| READING 6 scrolls of identify.
 14651 | Lair:5   | 14651 ||| IDENTIFYING murky cyan potion
 14652 | Lair:5   | 14652 ||| DROPPING potion of ambrosia.
 14764 | D:10     | Entered Level 10 of the Dungeon
 14767 | D:10     | 14767 ||| INVOKING Heroism.
 14769 | D:10     | 14769 ||| STAIRDANCE
 14781 | D:10     | 14781 ||| STAIRDANCE
 14943 | D:10     | 14943 ||| Stepping ~*~*~tactically~*~*~ (stealth).
 14945 | D:10     | 14945 ||| Stepping ~*~*~tactically~*~*~ (hiding).
 14947 | D:10     | 14947 ||| Stepping ~*~*~tactically~*~*~ (hiding).
 14954 | D:10     | 14954 ||| INVOKING Heroism.
 15293 | D:10     | Found a flagged portal.
 15294 | D:10     | 15294 ||| INVOKING Heroism.
 15515 | D:10     | 15515 ||| Stepping ~*~*~tactically~*~*~ (stealth).
 15634 | D:10     | 15634 ||| Stepping ~*~*~tactically~*~*~ (hiding).
 16066 | D:11     | 16066 ||| READING scroll of enchant weapon.
 16066 | D:11     | 16066 ||| ENCHANTING +3 broad axe of flaming.
 16119 | D:11     | 16119 ||| Stepping ~*~*~tactically~*~*~ (hiding).
 16121 | D:11     | 16121 ||| Stepping ~*~*~tactically~*~*~ (hiding).
 16194 | D:11     | 16194 ||| INVOKING Heroism.
 16222 | D:11     | 16222 ||| Stepping ~*~*~tactically~*~*~ (stealth).
 16223 | D:11     | 16223 ||| Stepping ~*~*~tactically~*~*~ (stealth).
 16226 | D:11     | 16226 ||| Stepping ~*~*~tactically~*~*~ (stealth).
 16234 | D:11     | 16234 ||| Stepping ~*~*~tactically~*~*~ (hiding).
 16243 | D:11     | 16243 ||| INVOKING Heroism.
 16258 | D:11     | Found a staircase to the Orcish Mines.
 16314 | D:11     | 16314 ||| Stepping ~*~*~tactically~*~*~ (stealth).
 16328 | D:11     | Identified the +3 shortbow of Xixki {vorpal, Int+4}
 16461 | D:11     | Found a large runed translucent door.
 16462 | D:11     | Found a large runed translucent door.
 16467 | D:11     | Found a large runed translucent door.
 16467 | D:11     | Found a large runed translucent door.
 16498 | D:11     | 16498 ||| INVOKING Heroism.
 16499 | D:11     | 16499 ||| INVOKING Finesse.
 16626 | D:11     | 16626 ||| INVOKING Heroism.
 16628 | D:11     | Reached skill level 12 in Armour
 16650 | D:11     | 16650 ||| Stepping ~*~*~tactically~*~*~ (stealth).
 16659 | D:11     | 16659 ||| Stepping ~*~*~tactically~*~*~ (stealth).
 16733 | D:11     | 16733 ||| PLANNING D
 16733 | D:11     | 16733 ||| READING scroll labelled AKUSHR HOOJESI.
 16786 | D:12     | Found a hide-covered altar of Uskayaw.
 17063 | D:12     | 17063 ||| Stepping ~*~*~tactically~*~*~ (stealth).
 17068 | D:12     | 17068 ||| Stepping ~*~*~tactically~*~*~ (stealth).
 17072 | D:12     | 17072 ||| INVOKING Heroism.
 17080 | D:12     | Identified the +1 robe of the Circus Animal {-Cast Rampage
                  | +Inv} (Okawaru gifted it to you on level 12 of the Dungeon)
 17080 | D:12     | Received a gift from Okawaru
 17102 | D:12     | 17102 ||| INVOKING Heroism.
 17650 | D:13     | Noticed Frances
 17651 | D:13     | 17651 ||| Stepping ~*~*~tactically~*~*~ (hiding).
 17654 | D:13     | 17654 ||| INVOKING Heroism.
 17655 | D:13     | 17655 ||| INVOKING Finesse.
 17674 | D:13     | Killed Frances
 17682 | D:13     | Noticed Rupert
 17689 | D:13     | Killed Rupert
 17728 | D:13     | 17728 ||| Stepping ~*~*~tactically~*~*~ (stealth).
 17738 | D:13     | 17738 ||| Stepping ~*~*~tactically~*~*~ (hiding).
 17739 | D:13     | 17739 ||| Stepping ~*~*~tactically~*~*~ (hiding).
 17744 | D:13     | 17744 ||| INVOKING Heroism.
 17773 | D:13     | 17773 ||| INVOKING Finesse.
 17806 | D:13     | 17806 ||| INVOKING Heroism.
 17866 | D:13     | 17866 ||| Stepping ~*~*~tactically~*~*~ (hiding).
 17929 | D:13     | 17929 ||| INVOKING Heroism.
 17982 | D:13     | Found a gate to the Vaults.
 17982 | D:13     | Noticed an ironbound preserver
 17990 | D:13     | 17990 ||| INVOKING Heroism.
 17997 | D:13     | Reached XP level 15. HP: 69/95 MP: 19/22
 18185 | D:13     | 18185 ||| FLEEEEING.
 18189 | D:13     | 18189 ||| STAIRDANCE
 18203 | D:12     | 18203 ||| DROPPING 13 boomerangs.
 18204 | D:12     | 18204 ||| DROPPING silver boomerang.
 18213 | D:13     | Reached skill level 12 in Fighting
 18213 | D:13     | 18213 ||| STAIRDANCE
 18250 | D:13     | Found a sparkling altar of Nemelex Xobeh.
 18355 | D:13     | 18355 ||| READING scroll of enchant armour.
 18355 | D:13     | 18355 ||| ENCHANTING +0 crystal plate armour.
 18370 | D:13     | 18370 ||| Stepping ~*~*~tactically~*~*~ (hiding).
 18393 | D:13     | 18393 ||| Stepping ~*~*~tactically~*~*~ (hiding).
 18573 | D:13     | 18573 ||| Stepping ~*~*~tactically~*~*~ (stealth).
 18759 | D:14     | 18759 ||| INVOKING Heroism.
 18867 | D:14     | 18867 ||| Stepping ~*~*~tactically~*~*~ (hiding).
 18868 | D:14     | 18868 ||| Stepping ~*~*~tactically~*~*~ (hiding).
 18964 | D:14     | 18964 ||| Stepping ~*~*~tactically~*~*~ (hiding).
 19139 | D:14     | Found a frozen archway.
 19151 | D:14     | 19151 ||| Stepping ~*~*~tactically~*~*~ (stealth).
 19153 | D:14     | 19153 ||| Stepping ~*~*~tactically~*~*~ (stealth).
 19154 | D:14     | 19154 ||| INVOKING Heroism.
 19163 | D:14     | 19163 ||| Stepping ~*~*~tactically~*~*~ (stealth).
 19209 | D:14     | 19209 ||| INVOKING Heroism.
 19233 | D:14     | HP: 22/96 [meliai/divine providence (13)]
 19234 | D:14     | 19234 ||| READING 4 scrolls of teleportation.
 19235 | D:14     | 19235 ||| DRINKING 7 potions of heal wounds.
 19329 | D:14     | 19329 ||| INVOKING Heroism.
 19486 | D:14     | Reached skill level 16 in Axes
 20042 | D:14     | 20042 ||| READING scroll labelled ASCHUT POGODUFIE.
 20090 | D:15     | Entered Level 15 of the Dungeon
 20114 | D:15     | 20114 ||| INVOKING Heroism.
 20115 | D:15     | 20115 ||| INVOKING Finesse.
 20234 | D:15     | Found a staircase to the Depths.
 20316 | D:15     | 20316 ||| Stepping ~*~*~tactically~*~*~ (stealth).
 20391 | D:15     | Found Botileco's Book Shop.
 20397 | D:15     | 20397 ||| INVOKING Heroism.
 20406 | D:15     | Received a gift from Okawaru
 20478 | D:15     | 20478 ||| FLEEEEING.
 20479 | D:15     | 20479 ||| FLEEEEING.
 20480 | D:15     | 20480 ||| FLEEEEING.
 20481 | D:15     | 20481 ||| FLEEEEING.
 20482 | D:15     | 20482 ||| FLEEEEING.
 20483 | D:15     | 20483 ||| FLEEEEING.
 20484 | D:15     | 20484 ||| FLEEEEING.
 20485 | D:15     | 20485 ||| FLEEEEING.
 20486 | D:15     | 20486 ||| FLEEEEING.
 20487 | D:15     | 20487 ||| FLEEEEING.
 20488 | D:15     | 20488 ||| FLEEEEING.
 20489 | D:15     | 20489 ||| FLEEEEING.
 20490 | D:15     | 20490 ||| STAIRDANCE
 20502 | D:14     | 20502 ||| UPGRADING to +0 kite shield.
 20512 | D:14     | 20512 ||| DROPPING +0 buckler.
 20513 | D:14     | 20513 ||| DROPPING 2 boomerangs of dispersal.
 20520 | D:15     | 20520 ||| INVOKING Heroism.
 20614 | D:15     | Noticed Nessos
 20615 | D:15     | 20615 ||| INVOKING Finesse.
 20621 | D:15     | 20621 ||| INVOKING Heroism.
 20653 | D:15     | Received a gift from Okawaru
 20656 | D:15     | Killed Nessos
 20657 | D:15     | Reached skill level 9 in Shields
 20805 | D:15     | 20805 ||| INVOKING Heroism.
 20819 | D:15     | HP: 24/96 [meliai/+0 broad axe (3)]
 20820 | D:15     | 20820 ||| READING 3 scrolls of teleportation.
 20821 | D:15     | 20821 ||| DRINKING 7 potions of heal wounds.
 20928 | D:15     | 20928 ||| INVOKING Heroism.
 21102 | D:15     | 21102 ||| PLANNING ORC
 21102 | D:15     | 21102 ||| UPGRADING to +0 pair of gloves of hurling.
 21192 | Orc:1    | Entered Level 1 of the Orcish Mines
 21216 | Orc:1    | 21216 ||| Stepping ~*~*~tactically~*~*~ (stealth).
 21217 | Orc:1    | 21217 ||| Stepping ~*~*~tactically~*~*~ (stealth).
 21218 | Orc:1    | 21218 ||| INVOKING Heroism.
 21226 | Orc:1    | 21226 ||| Stepping ~*~*~tactically~*~*~ (stealth).
 21293 | Orc:1    | 21293 ||| INVOKING Heroism.
 21303 | Orc:1    | Reached XP level 16. HP: 101/101 MP: 21/23
 21317 | Orc:1    | 21317 ||| Stepping ~*~*~tactically~*~*~ (stealth).
 21318 | Orc:1    | 21318 ||| Stepping ~*~*~tactically~*~*~ (stealth).
 21326 | Orc:1    | 21326 ||| INVOKING Heroism.
 21526 | Orc:2    | Entered Level 2 of the Orcish Mines
 21527 | Orc:2    | 21527 ||| INVOKING Heroism.
 21528 | Orc:2    | 21528 ||| STAIRDANCE
 21540 | Orc:2    | 21540 ||| STAIRDANCE
 30076 | Orc:1    | Glimpsed the power of Zot.
 30476 | Orc:1    | Glimpsed the power of Zot.
 30796 | Orc:1    | Glimpsed the power of Zot.
 30876 | Orc:1    | Touched by the power of Zot.
 30877 | Orc:1    | Glimpsed the power of Zot.
 31277 | Orc:1    | Glimpsed the power of Zot.
 31597 | Orc:1    | Glimpsed the power of Zot.
 31676 | Orc:1    | Touched by the power of Zot.
 31677 | Orc:1    | Glimpsed the power of Zot.
 32077 | Orc:1    | Glimpsed the power of Zot.
 32397 | Orc:1    | Glimpsed the power of Zot.
 32476 | Orc:1    | Touched by the power of Zot.
 32477 | Orc:1    | Glimpsed the power of Zot.
 32877 | Orc:1    | Glimpsed the power of Zot.
 33197 | Orc:1    | Glimpsed the power of Zot.
 33276 | Orc:1    | Touched by the power of Zot.
 33277 | Orc:1    | Glimpsed the power of Zot.
 33677 | Orc:1    | Glimpsed the power of Zot.
 33997 | Orc:1    | Glimpsed the power of Zot.
 34076 | Orc:1    | Touched by the power of Zot.
 34077 | Orc:1    | Glimpsed the power of Zot.
 34477 | Orc:1    | Glimpsed the power of Zot.
 34797 | Orc:1    | Glimpsed the power of Zot.
 34876 | Orc:1    | Touched by the power of Zot.
 34877 | Orc:1    | Glimpsed the power of Zot.
 35277 | Orc:1    | Glimpsed the power of Zot.
 35597 | Orc:1    | Glimpsed the power of Zot.
 35676 | Orc:1    | Touched by the power of Zot.
 35677 | Orc:1    | Glimpsed the power of Zot.
 36077 | Orc:1    | Glimpsed the power of Zot.
 36397 | Orc:1    | Glimpsed the power of Zot.
 36476 | Orc:1    | Touched by the power of Zot.
 36477 | Orc:1    | Glimpsed the power of Zot.
 36877 | Orc:1    | Glimpsed the power of Zot.
 37197 | Orc:1    | Glimpsed the power of Zot.
 37276 | Orc:1    | Touched by the power of Zot.
 37277 | Orc:1    | Glimpsed the power of Zot.
 37677 | Orc:1    | Glimpsed the power of Zot.
 37997 | Orc:1    | Glimpsed the power of Zot.
 38076 | Orc:1    | Touched by the power of Zot.
 38077 | Orc:1    | Glimpsed the power of Zot.
 38477 | Orc:1    | Glimpsed the power of Zot.
 38797 | Orc:1    | Glimpsed the power of Zot.
 38876 | Orc:1    | Touched by the power of Zot.
 38877 | Orc:1    | Glimpsed the power of Zot.
 39277 | Orc:1    | Glimpsed the power of Zot.
 39597 | Orc:1    | Glimpsed the power of Zot.
 39676 | Orc:1    | Touched by the power of Zot.
 39677 | Orc:1    | Glimpsed the power of Zot.
 40077 | Orc:1    | Glimpsed the power of Zot.
 40397 | Orc:1    | Glimpsed the power of Zot.
 40476 | Orc:1    | Touched by the power of Zot.
 40477 | Orc:1    | Glimpsed the power of Zot.
 40877 | Orc:1    | Glimpsed the power of Zot.
 41197 | Orc:1    | Glimpsed the power of Zot.
 41276 | Orc:1    | Touched by the power of Zot.
 41277 | Orc:1    | Glimpsed the power of Zot.
 41677 | Orc:1    | Glimpsed the power of Zot.
 41997 | Orc:1    | Glimpsed the power of Zot.
 42076 | Orc:1    | Touched by the power of Zot.
 42077 | Orc:1    | Glimpsed the power of Zot.
 42477 | Orc:1    | Glimpsed the power of Zot.
 42797 | Orc:1    | Glimpsed the power of Zot.
 42876 | Orc:1    | Touched by the power of Zot.
 42877 | Orc:1    | Glimpsed the power of Zot.
 43277 | Orc:1    | Glimpsed the power of Zot.
 43597 | Orc:1    | Glimpsed the power of Zot.
 43676 | Orc:1    | Touched by the power of Zot.
 43677 | Orc:1    | Glimpsed the power of Zot.
 44077 | Orc:1    | Glimpsed the power of Zot.
 44397 | Orc:1    | Glimpsed the power of Zot.
 44476 | Orc:1    | Touched by the power of Zot.
 44477 | Orc:1    | Glimpsed the power of Zot.
 44877 | Orc:1    | Glimpsed the power of Zot.
 45197 | Orc:1    | Glimpsed the power of Zot.
 45276 | Orc:1    | Touched by the power of Zot.
 45277 | Orc:1    | Glimpsed the power of Zot.
 45677 | Orc:1    | Glimpsed the power of Zot.
 45997 | Orc:1    | Glimpsed the power of Zot.
 46076 | Orc:1    | Touched by the power of Zot.
 46077 | Orc:1    | Glimpsed the power of Zot.
 46477 | Orc:1    | Glimpsed the power of Zot.
 46797 | Orc:1    | Glimpsed the power of Zot.
 46876 | Orc:1    | Touched by the power of Zot.
 46877 | Orc:1    | Glimpsed the power of Zot.
 47277 | Orc:1    | Glimpsed the power of Zot.
 47597 | Orc:1    | Glimpsed the power of Zot.
 47676 | Orc:1    | Touched by the power of Zot.
 47677 | Orc:1    | Glimpsed the power of Zot.
 48077 | Orc:1    | Glimpsed the power of Zot.
 48397 | Orc:1    | Glimpsed the power of Zot.
 48476 | Orc:1    | Touched by the power of Zot.
 48477 | Orc:1    | Glimpsed the power of Zot.
 48877 | Orc:1    | Glimpsed the power of Zot.
 49197 | Orc:1    | Glimpsed the power of Zot.
 49276 | Orc:1    | Touched by the power of Zot.
 49277 | Orc:1    | Glimpsed the power of Zot.
 49677 | Orc:1    | Glimpsed the power of Zot.
 49997 | Orc:1    | Glimpsed the power of Zot.
 50076 | Orc:1    | Touched by the power of Zot.
 50077 | Orc:1    | Glimpsed the power of Zot.
 50477 | Orc:1    | Glimpsed the power of Zot.
 50797 | Orc:1    | Glimpsed the power of Zot.
 50876 | Orc:1    | Touched by the power of Zot.
 50877 | Orc:1    | Glimpsed the power of Zot.
 51277 | Orc:1    | Glimpsed the power of Zot.
 51597 | Orc:1    | Glimpsed the power of Zot.
 51676 | Orc:1    | Touched by the power of Zot.
 51677 | Orc:1    | Glimpsed the power of Zot.
 52077 | Orc:1    | Glimpsed the power of Zot.
 52397 | Orc:1    | Glimpsed the power of Zot.
 52476 | Orc:1    | Touched by the power of Zot.
 52477 | Orc:1    | Glimpsed the power of Zot.
 52877 | Orc:1    | Glimpsed the power of Zot.
 53197 | Orc:1    | Glimpsed the power of Zot.
 53276 | Orc:1    | Touched by the power of Zot.
 53277 | Orc:1    | Glimpsed the power of Zot.
 53677 | Orc:1    | Glimpsed the power of Zot.
 53997 | Orc:1    | Glimpsed the power of Zot.
 54076 | Orc:1    | Touched by the power of Zot.
 54077 | Orc:1    | Glimpsed the power of Zot.
 54477 | Orc:1    | Glimpsed the power of Zot.
 54797 | Orc:1    | Glimpsed the power of Zot.
 54876 | Orc:1    | Touched by the power of Zot.
 54877 | Orc:1    | Glimpsed the power of Zot.
 55277 | Orc:1    | Glimpsed the power of Zot.
 55597 | Orc:1    | Glimpsed the power of Zot.
 55676 | Orc:1    | Touched by the power of Zot.
 55677 | Orc:1    | Glimpsed the power of Zot.
 56077 | Orc:1    | Glimpsed the power of Zot.
 56397 | Orc:1    | Glimpsed the power of Zot.
 56476 | Orc:1    | Touched by the power of Zot.
 56477 | Orc:1    | Glimpsed the power of Zot.
 56877 | Orc:1    | Glimpsed the power of Zot.
 57197 | Orc:1    | Glimpsed the power of Zot.
 57276 | Orc:1    | Touched by the power of Zot.
 57277 | Orc:1    | Glimpsed the power of Zot.
 57677 | Orc:1    | Glimpsed the power of Zot.
 57997 | Orc:1    | Glimpsed the power of Zot.
 58076 | Orc:1    | Touched by the power of Zot.
 58077 | Orc:1    | Glimpsed the power of Zot.
 58477 | Orc:1    | Glimpsed the power of Zot.
 58797 | Orc:1    | Glimpsed the power of Zot.
 58876 | Orc:1    | Touched by the power of Zot.
 58877 | Orc:1    | Glimpsed the power of Zot.
 59277 | Orc:1    | Glimpsed the power of Zot.
 59597 | Orc:1    | Glimpsed the power of Zot.
 59676 | Orc:1    | Touched by the power of Zot.
 59677 | Orc:1    | Glimpsed the power of Zot.
 60077 | Orc:1    | Glimpsed the power of Zot.
 60397 | Orc:1    | Glimpsed the power of Zot.
 60476 | Orc:1    | Touched by the power of Zot.
 60477 | Orc:1    | Glimpsed the power of Zot.
 60877 | Orc:1    | Glimpsed the power of Zot.
 61197 | Orc:1    | Glimpsed the power of Zot.
 61276 | Orc:1    | Touched by the power of Zot.
 61277 | Orc:1    | Glimpsed the power of Zot.
 61677 | Orc:1    | Glimpsed the power of Zot.
 61997 | Orc:1    | Glimpsed the power of Zot.
 62076 | Orc:1    | Touched by the power of Zot.
 62077 | Orc:1    | Glimpsed the power of Zot.
 62477 | Orc:1    | Glimpsed the power of Zot.
 62797 | Orc:1    | Glimpsed the power of Zot.
 62876 | Orc:1    | Touched by the power of Zot.
 62877 | Orc:1    | Glimpsed the power of Zot.
 63277 | Orc:1    | Glimpsed the power of Zot.
 63597 | Orc:1    | Glimpsed the power of Zot.
 63676 | Orc:1    | Touched by the power of Zot.
 63677 | Orc:1    | Glimpsed the power of Zot.
 63714 | Orc:2    | Fell from the grace of Okawaru
 63715 | Orc:2    | 63715 ||| PLANNING OKAWARU WORSHIP
 63715 | Orc:2    | 63715 ||| DROPPING potion of magic.
 63718 | Orc:1    | 63718 ||| READING 2 scrolls of teleportation.
 63930 | Temple   | Became a worshipper of Warmaster Okawaru
 63931 | Temple   | 63931 ||| PLANNING ORC
 69732 | D:11     | Fell from the grace of Okawaru
 69763 | D:11     | 69763 ||| PLANNING OKAWARU WORSHIP
 69954 | Temple   | Became a worshipper of Warmaster Okawaru
 69955 | Temple   | 69955 ||| PLANNING ORC
 76394 | D:11     | Fell from the grace of Okawaru
 76395 | D:11     | 76395 ||| PLANNING OKAWARU WORSHIP
 76586 | Temple   | Became a worshipper of Warmaster Okawaru
 76587 | Temple   | 76587 ||| PLANNING ORC
 82936 | D:11     | Fell from the grace of Okawaru
 82951 | D:11     | 82951 ||| PLANNING OKAWARU WORSHIP
 83142 | Temple   | Became a worshipper of Warmaster Okawaru
 83143 | Temple   | 83143 ||| PLANNING ORC
 88376 | D:11     | Fell from the grace of Okawaru
 88405 | D:11     | 88405 ||| PLANNING OKAWARU WORSHIP
 88596 | Temple   | Became a worshipper of Warmaster Okawaru
 88597 | Temple   | 88597 ||| PLANNING ORC
 88689 | D:8      | Glimpsed the power of Zot.
 89188 | D:11     | Glimpsed the power of Zot.
 89588 | D:11     | Glimpsed the power of Zot.
 89688 | D:11     | Touched by the power of Zot.
 89689 | D:11     | Glimpsed the power of Zot.
 90189 | D:11     | Glimpsed the power of Zot.
 90589 | D:11     | Glimpsed the power of Zot.
 90688 | D:11     | Touched by the power of Zot.
 90689 | D:11     | Glimpsed the power of Zot.
 91189 | D:11     | Glimpsed the power of Zot.
 91589 | D:11     | Glimpsed the power of Zot.
 91688 | D:11     | Touched by the power of Zot.
 91689 | D:11     | Glimpsed the power of Zot.
 92189 | D:11     | Glimpsed the power of Zot.
 92589 | D:11     | Glimpsed the power of Zot.
 92688 | D:11     | Touched by the power of Zot.
 92689 | D:11     | Glimpsed the power of Zot.
 93189 | D:11     | Glimpsed the power of Zot.
 93589 | D:11     | Glimpsed the power of Zot.
 93688 | D:11     | Touched by the power of Zot.
 93689 | D:11     | Glimpsed the power of Zot.
 94189 | D:11     | Glimpsed the power of Zot.
 94589 | D:11     | Glimpsed the power of Zot.
 94688 | D:11     | Touched by the power of Zot.
 94689 | D:11     | Glimpsed the power of Zot.
 94937 | D:11     | Fell from the grace of Okawaru
 94959 | D:11     | 94959 ||| PLANNING OKAWARU WORSHIP
 95150 | Temple   | Became a worshipper of Warmaster Okawaru
 95151 | Temple   | 95151 ||| PLANNING ORC
 95154 | Temple   | 95154 ||| READING scroll of teleportation.
 95167 | Temple   | 95167 ||| Stepping randomly (stuck).
 95169 | Temple   | 95169 ||| Stepping randomly (stuck).
 95171 | Temple   | 95171 ||| Stepping randomly (stuck).
 95173 | Temple   | 95173 ||| Stepping randomly (stuck).
 95175 | Temple   | 95175 ||| Stepping randomly (stuck).
 95177 | Temple   | 95177 ||| Stepping randomly (stuck).
 95179 | Temple   | 95179 ||| Stepping randomly (stuck).
 95181 | Temple   | 95181 ||| Stepping randomly (stuck).
 95183 | Temple   | 95183 ||| Stepping randomly (stuck).
 95185 | Temple   | 95185 ||| Stepping randomly (stuck).
 95187 | Temple   | 95187 ||| Stepping randomly (stuck).
 95189 | Temple   | 95189 ||| Stepping randomly (stuck).
 95191 | Temple   | 95191 ||| Stepping randomly (stuck).
 95193 | Temple   | 95193 ||| Stepping randomly (stuck).
 95195 | Temple   | 95195 ||| Stepping randomly (stuck).
 95197 | Temple   | 95197 ||| Stepping randomly (stuck).
 95199 | Temple   | 95199 ||| Stepping randomly (stuck).
 95201 | Temple   | 95201 ||| Stepping randomly (stuck).
 95203 | Temple   | 95203 ||| Stepping randomly (stuck).
 95205 | Temple   | 95205 ||| Stepping randomly (stuck).
 95207 | Temple   | 95207 ||| Stepping randomly (stuck).
 95209 | Temple   | 95209 ||| Stepping randomly (stuck).
 95211 | Temple   | 95211 ||| Stepping randomly (stuck).
 95213 | Temple   | 95213 ||| Stepping randomly (stuck).
 95215 | Temple   | 95215 ||| Stepping randomly (stuck).
 95217 | Temple   | 95217 ||| Stepping randomly (stuck).
 95219 | Temple   | 95219 ||| Stepping randomly (stuck).
 95221 | Temple   | 95221 ||| Stepping randomly (stuck).
 95223 | Temple   | 95223 ||| Stepping randomly (stuck).
 95225 | Temple   | 95225 ||| Stepping randomly (stuck).
 95227 | Temple   | 95227 ||| Stepping randomly (stuck).
 95229 | Temple   | 95229 ||| Stepping randomly (stuck).
 95231 | Temple   | 95231 ||| Stepping randomly (stuck).
 95233 | Temple   | 95233 ||| Stepping randomly (stuck).
 95235 | Temple   | 95235 ||| Stepping randomly (stuck).
 95237 | Temple   | 95237 ||| Stepping randomly (stuck).
 95239 | Temple   | 95239 ||| Stepping randomly (stuck).
 95241 | Temple   | 95241 ||| Stepping randomly (stuck).
 95243 | Temple   | 95243 ||| Stepping randomly (stuck).
 95245 | Temple   | 95245 ||| Stepping randomly (stuck).
 95247 | Temple   | 95247 ||| Stepping randomly (stuck).
 95249 | Temple   | 95249 ||| Stepping randomly (stuck).
 95251 | Temple   | 95251 ||| Stepping randomly (stuck).
 95253 | Temple   | 95253 ||| Stepping randomly (stuck).
 95255 | Temple   | 95255 ||| Stepping randomly (stuck).
 95257 | Temple   | 95257 ||| Stepping randomly (stuck).
 95259 | Temple   | 95259 ||| Stepping randomly (stuck).
 95261 | Temple   | 95261 ||| Stepping randomly (stuck).
 95263 | Temple   | 95263 ||| Stepping randomly (stuck).
 95265 | Temple   | 95265 ||| Stepping randomly (stuck).
 95267 | Temple   | 95267 ||| Stepping randomly (stuck).
 95269 | Temple   | 95269 ||| Stepping randomly (stuck).
 95271 | Temple   | 95271 ||| Stepping randomly (stuck).
 95273 | Temple   | 95273 ||| Stepping randomly (stuck).
 95275 | Temple   | 95275 ||| Stepping randomly (stuck).
 95277 | Temple   | 95277 ||| Stepping randomly (stuck).
 95279 | Temple   | 95279 ||| Stepping randomly (stuck).
 95281 | Temple   | 95281 ||| Stepping randomly (stuck).
 95283 | Temple   | 95283 ||| Stepping randomly (stuck).
 95285 | Temple   | 95285 ||| Stepping randomly (stuck).
 95287 | Temple   | 95287 ||| Stepping randomly (stuck).
 95289 | Temple   | 95289 ||| Stepping randomly (stuck).
 95291 | Temple   | 95291 ||| Stepping randomly (stuck).
 95293 | Temple   | 95293 ||| Stepping randomly (stuck).
 95295 | Temple   | 95295 ||| Stepping randomly (stuck).
 95297 | Temple   | 95297 ||| Stepping randomly (stuck).
 95299 | Temple   | 95299 ||| Stepping randomly (stuck).
 95301 | Temple   | 95301 ||| Stepping randomly (stuck).
 95303 | Temple   | 95303 ||| Stepping randomly (stuck).
 95305 | Temple   | 95305 ||| Stepping randomly (stuck).
 95307 | Temple   | 95307 ||| Stepping randomly (stuck).
 95309 | Temple   | 95309 ||| Stepping randomly (stuck).
 95311 | Temple   | 95311 ||| Stepping randomly (stuck).
 95313 | Temple   | 95313 ||| Stepping randomly (stuck).
 95315 | Temple   | 95315 ||| Stepping randomly (stuck).
 95317 | Temple   | 95317 ||| Stepping randomly (stuck).
 95319 | Temple   | 95319 ||| Stepping randomly (stuck).
 95321 | Temple   | 95321 ||| Stepping randomly (stuck).
 95323 | Temple   | 95323 ||| Stepping randomly (stuck).
 95325 | Temple   | 95325 ||| Stepping randomly (stuck).
 95327 | Temple   | 95327 ||| Stepping randomly (stuck).
 95329 | Temple   | 95329 ||| Stepping randomly (stuck).
 95331 | Temple   | 95331 ||| Stepping randomly (stuck).
 95333 | Temple   | 95333 ||| Stepping randomly (stuck).
 95335 | Temple   | 95335 ||| Stepping randomly (stuck).
 95337 | Temple   | 95337 ||| Stepping randomly (stuck).
 95339 | Temple   | 95339 ||| Stepping randomly (stuck).
 95341 | Temple   | 95341 ||| Stepping randomly (stuck).
 95343 | Temple   | 95343 ||| Stepping randomly (stuck).
 95345 | Temple   | 95345 ||| Stepping randomly (stuck).
 95347 | Temple   | 95347 ||| Stepping randomly (stuck).
 95349 | Temple   | 95349 ||| Stepping randomly (stuck).
 95351 | Temple   | 95351 ||| Stepping randomly (stuck).
 95353 | Temple   | 95353 ||| Stepping randomly (stuck).
 95355 | Temple   | 95355 ||| Stepping randomly (stuck).
 95357 | Temple   | 95357 ||| Stepping randomly (stuck).
 95359 | Temple   | 95359 ||| Stepping randomly (stuck).
 95361 | Temple   | 95361 ||| Stepping randomly (stuck).
 95363 | Temple   | 95363 ||| Stepping randomly (stuck).
 95365 | Temple   | 95365 ||| Stepping randomly (stuck).
 95367 | Temple   | 95367 ||| Stepping randomly (stuck).
 95369 | Temple   | 95369 ||| Stepping randomly (stuck).
 95371 | Temple   | 95371 ||| Stepping randomly (stuck).
 95373 | Temple   | 95373 ||| Stepping randomly (stuck).
 95375 | Temple   | 95375 ||| Stepping randomly (stuck).
 95377 | Temple   | 95377 ||| Stepping randomly (stuck).
 95379 | Temple   | 95379 ||| Stepping randomly (stuck).
 95381 | Temple   | 95381 ||| Stepping randomly (stuck).
 95383 | Temple   | 95383 ||| Stepping randomly (stuck).
 95385 | Temple   | 95385 ||| Stepping randomly (stuck).
 95387 | Temple   | 95387 ||| Stepping randomly (stuck).
 95389 | Temple   | 95389 ||| Stepping randomly (stuck).
 95391 | Temple   | 95391 ||| Stepping randomly (stuck).
 95393 | Temple   | 95393 ||| Stepping randomly (stuck).
 95395 | Temple   | 95395 ||| Stepping randomly (stuck).
 95397 | Temple   | 95397 ||| Stepping randomly (stuck).
 95399 | Temple   | 95399 ||| Stepping randomly (stuck).
 95401 | Temple   | 95401 ||| Stepping randomly (stuck).
 95403 | Temple   | 95403 ||| Stepping randomly (stuck).
 95405 | Temple   | 95405 ||| Stepping randomly (stuck).
 95407 | Temple   | 95407 ||| Stepping randomly (stuck).
 95409 | Temple   | 95409 ||| Stepping randomly (stuck).
 95411 | Temple   | 95411 ||| Stepping randomly (stuck).
 95413 | Temple   | 95413 ||| Stepping randomly (stuck).
 95415 | Temple   | 95415 ||| Stepping randomly (stuck).
 95417 | Temple   | 95417 ||| Stepping randomly (stuck).
 95419 | Temple   | 95419 ||| Stepping randomly (stuck).
 95421 | Temple   | 95421 ||| Stepping randomly (stuck).
 95423 | Temple   | 95423 ||| Stepping randomly (stuck).
 95425 | Temple   | 95425 ||| Stepping randomly (stuck).
 95427 | Temple   | 95427 ||| Stepping randomly (stuck).
 95429 | Temple   | 95429 ||| Stepping randomly (stuck).
 95431 | Temple   | 95431 ||| Stepping randomly (stuck).
 95433 | Temple   | 95433 ||| Stepping randomly (stuck).
 95435 | Temple   | 95435 ||| Stepping randomly (stuck).
 95437 | Temple   | 95437 ||| Stepping randomly (stuck).
 95439 | Temple   | 95439 ||| Stepping randomly (stuck).
 95441 | Temple   | 95441 ||| Stepping randomly (stuck).
 95443 | Temple   | 95443 ||| Stepping randomly (stuck).
 95445 | Temple   | 95445 ||| Stepping randomly (stuck).
 95447 | Temple   | 95447 ||| Stepping randomly (stuck).
 95449 | Temple   | 95449 ||| Stepping randomly (stuck).
 95451 | Temple   | 95451 ||| Stepping randomly (stuck).
 95453 | Temple   | 95453 ||| Stepping randomly (stuck).
 95455 | Temple   | 95455 ||| Stepping randomly (stuck).
 95457 | Temple   | 95457 ||| Stepping randomly (stuck).
 95459 | Temple   | 95459 ||| Stepping randomly (stuck).
 95461 | Temple   | 95461 ||| Stepping randomly (stuck).
 95463 | Temple   | 95463 ||| Stepping randomly (stuck).
 95465 | Temple   | 95465 ||| Stepping randomly (stuck).
 95467 | Temple   | 95467 ||| Stepping randomly (stuck).
 95469 | Temple   | 95469 ||| Stepping randomly (stuck).
 95471 | Temple   | 95471 ||| Stepping randomly (stuck).
 95473 | Temple   | 95473 ||| Stepping randomly (stuck).
 95475 | Temple   | 95475 ||| Stepping randomly (stuck).
 95477 | Temple   | 95477 ||| Stepping randomly (stuck).
 95479 | Temple   | 95479 ||| Stepping randomly (stuck).
 95481 | Temple   | 95481 ||| Stepping randomly (stuck).
 95483 | Temple   | 95483 ||| Stepping randomly (stuck).
 95485 | Temple   | 95485 ||| Stepping randomly (stuck).
 95487 | Temple   | 95487 ||| Stepping randomly (stuck).
 95489 | Temple   | 95489 ||| Stepping randomly (stuck).
 95491 | Temple   | 95491 ||| Stepping randomly (stuck).
 95493 | Temple   | 95493 ||| Stepping randomly (stuck).
 95495 | Temple   | 95495 ||| Stepping randomly (stuck).
 95497 | Temple   | 95497 ||| Stepping randomly (stuck).
 95499 | Temple   | 95499 ||| Stepping randomly (stuck).
 95501 | Temple   | 95501 ||| Stepping randomly (stuck).
 95503 | Temple   | 95503 ||| Stepping randomly (stuck).
 95505 | Temple   | 95505 ||| Stepping randomly (stuck).
 95507 | Temple   | 95507 ||| Stepping randomly (stuck).
 95509 | Temple   | 95509 ||| Stepping randomly (stuck).
 95511 | Temple   | 95511 ||| Stepping randomly (stuck).
 95513 | Temple   | 95513 ||| Stepping randomly (stuck).
 95515 | Temple   | 95515 ||| Stepping randomly (stuck).
 95517 | Temple   | 95517 ||| Stepping randomly (stuck).
 95519 | Temple   | 95519 ||| Stepping randomly (stuck).
 95521 | Temple   | 95521 ||| Stepping randomly (stuck).
 95523 | Temple   | 95523 ||| Stepping randomly (stuck).
 95525 | Temple   | 95525 ||| Stepping randomly (stuck).
 95527 | Temple   | 95527 ||| Stepping randomly (stuck).
 95529 | Temple   | 95529 ||| Stepping randomly (stuck).
 95531 | Temple   | 95531 ||| Stepping randomly (stuck).
 95533 | Temple   | 95533 ||| Stepping randomly (stuck).
 95535 | Temple   | 95535 ||| Stepping randomly (stuck).
 95537 | Temple   | 95537 ||| Stepping randomly (stuck).
 95539 | Temple   | 95539 ||| Stepping randomly (stuck).
 95541 | Temple   | 95541 ||| Stepping randomly (stuck).
 95543 | Temple   | 95543 ||| Stepping randomly (stuck).
 95545 | Temple   | 95545 ||| Stepping randomly (stuck).
 95547 | Temple   | 95547 ||| Stepping randomly (stuck).
 95549 | Temple   | 95549 ||| Stepping randomly (stuck).
 95551 | Temple   | 95551 ||| Stepping randomly (stuck).
 95553 | Temple   | 95553 ||| Stepping randomly (stuck).
 95555 | Temple   | 95555 ||| Stepping randomly (stuck).
 95557 | Temple   | 95557 ||| Stepping randomly (stuck).
 95559 | Temple   | 95559 ||| Stepping randomly (stuck).
 95561 | Temple   | 95561 ||| Stepping randomly (stuck).
 95563 | Temple   | 95563 ||| Stepping randomly (stuck).
 95565 | Temple   | 95565 ||| Stepping randomly (stuck).
 95567 | Temple   | 95567 ||| Stepping randomly (stuck).
 95569 | Temple   | 95569 ||| Stepping randomly (stuck).
 95571 | Temple   | 95571 ||| Stepping randomly (stuck).
 95573 | Temple   | 95573 ||| Stepping randomly (stuck).
 95575 | Temple   | 95575 ||| Stepping randomly (stuck).
 95577 | Temple   | 95577 ||| Stepping randomly (stuck).
 95579 | Temple   | 95579 ||| Stepping randomly (stuck).
 95581 | Temple   | 95581 ||| Stepping randomly (stuck).
 95583 | Temple   | 95583 ||| Stepping randomly (stuck).
 95585 | Temple   | 95585 ||| Stepping randomly (stuck).
 95587 | Temple   | 95587 ||| Stepping randomly (stuck).
 95589 | Temple   | 95589 ||| Stepping randomly (stuck).
 95591 | Temple   | 95591 ||| Stepping randomly (stuck).
 95593 | Temple   | 95593 ||| Stepping randomly (stuck).
 95595 | Temple   | 95595 ||| Stepping randomly (stuck).
 95597 | Temple   | 95597 ||| Stepping randomly (stuck).
 95599 | Temple   | 95599 ||| Stepping randomly (stuck).
 95601 | Temple   | 95601 ||| Stepping randomly (stuck).
 95603 | Temple   | 95603 ||| Stepping randomly (stuck).
 95605 | Temple   | 95605 ||| Stepping randomly (stuck).
 95607 | Temple   | 95607 ||| Stepping randomly (stuck).
 95609 | Temple   | 95609 ||| Stepping randomly (stuck).
 95611 | Temple   | 95611 ||| Stepping randomly (stuck).
 95613 | Temple   | 95613 ||| Stepping randomly (stuck).
 95615 | Temple   | 95615 ||| Stepping randomly (stuck).
 95617 | Temple   | 95617 ||| Stepping randomly (stuck).
 95619 | Temple   | 95619 ||| Stepping randomly (stuck).
 95621 | Temple   | 95621 ||| Stepping randomly (stuck).
 95623 | Temple   | 95623 ||| Stepping randomly (stuck).
 95625 | Temple   | 95625 ||| Stepping randomly (stuck).
 95627 | Temple   | 95627 ||| Stepping randomly (stuck).
 95629 | Temple   | 95629 ||| Stepping randomly (stuck).
 95631 | Temple   | 95631 ||| Stepping randomly (stuck).
 95633 | Temple   | 95633 ||| Stepping randomly (stuck).
 95635 | Temple   | 95635 ||| Stepping randomly (stuck).
 95637 | Temple   | 95637 ||| Stepping randomly (stuck).
 95639 | Temple   | 95639 ||| Stepping randomly (stuck).
 95641 | Temple   | 95641 ||| Stepping randomly (stuck).
 95643 | Temple   | 95643 ||| Stepping randomly (stuck).
 95645 | Temple   | 95645 ||| Stepping randomly (stuck).
 95647 | Temple   | 95647 ||| Stepping randomly (stuck).
 95649 | Temple   | 95649 ||| Stepping randomly (stuck).
 95651 | Temple   | 95651 ||| Stepping randomly (stuck).
 95653 | Temple   | 95653 ||| Stepping randomly (stuck).
 95655 | Temple   | 95655 ||| Stepping randomly (stuck).
 95657 | Temple   | 95657 ||| Stepping randomly (stuck).
 95659 | Temple   | 95659 ||| Stepping randomly (stuck).
 95661 | Temple   | 95661 ||| Stepping randomly (stuck).
 95663 | Temple   | 95663 ||| Stepping randomly (stuck).
 95665 | Temple   | 95665 ||| Stepping randomly (stuck).
 95667 | Temple   | 95667 ||| Stepping randomly (stuck).
 95669 | Temple   | 95669 ||| Stepping randomly (stuck).
 95671 | Temple   | 95671 ||| Stepping randomly (stuck).
 95673 | Temple   | 95673 ||| Stepping randomly (stuck).
 95675 | Temple   | 95675 ||| Stepping randomly (stuck).
 95677 | Temple   | 95677 ||| Stepping randomly (stuck).
 95679 | Temple   | 95679 ||| Stepping randomly (stuck).
 95681 | Temple   | 95681 ||| Stepping randomly (stuck).
 95683 | Temple   | 95683 ||| Stepping randomly (stuck).
 95685 | Temple   | 95685 ||| Stepping randomly (stuck).
 95687 | Temple   | 95687 ||| Stepping randomly (stuck).
 95689 | Temple   | 95689 ||| Stepping randomly (stuck).
 95691 | Temple   | 95691 ||| Stepping randomly (stuck).
 95693 | Temple   | 95693 ||| Stepping randomly (stuck).
 95695 | Temple   | 95695 ||| Stepping randomly (stuck).
 95697 | Temple   | 95697 ||| Stepping randomly (stuck).
 95699 | Temple   | 95699 ||| Stepping randomly (stuck).
 95701 | Temple   | 95701 ||| Stepping randomly (stuck).
 95703 | Temple   | 95703 ||| Stepping randomly (stuck).
 95705 | Temple   | 95705 ||| Stepping randomly (stuck).
 95707 | Temple   | 95707 ||| Stepping randomly (stuck).
 95709 | Temple   | 95709 ||| Stepping randomly (stuck).
 95711 | Temple   | 95711 ||| Stepping randomly (stuck).
 95713 | Temple   | 95713 ||| Stepping randomly (stuck).
 95715 | Temple   | 95715 ||| Stepping randomly (stuck).
 95717 | Temple   | 95717 ||| Stepping randomly (stuck).
 95719 | Temple   | 95719 ||| Stepping randomly (stuck).
 95721 | Temple   | 95721 ||| Stepping randomly (stuck).
 95723 | Temple   | 95723 ||| Stepping randomly (stuck).
 95725 | Temple   | 95725 ||| Stepping randomly (stuck).
 95727 | Temple   | 95727 ||| Stepping randomly (stuck).
 95729 | Temple   | 95729 ||| Stepping randomly (stuck).
 95731 | Temple   | 95731 ||| Stepping randomly (stuck).
 95733 | Temple   | 95733 ||| Stepping randomly (stuck).
 95735 | Temple   | 95735 ||| Stepping randomly (stuck).
 95737 | Temple   | 95737 ||| Stepping randomly (stuck).
 95739 | Temple   | 95739 ||| Stepping randomly (stuck).
 95741 | Temple   | 95741 ||| Stepping randomly (stuck).
 95743 | Temple   | 95743 ||| Stepping randomly (stuck).
 95745 | Temple   | 95745 ||| Stepping randomly (stuck).
 95747 | Temple   | 95747 ||| Stepping randomly (stuck).
 95749 | Temple   | 95749 ||| Stepping randomly (stuck).
 95751 | Temple   | 95751 ||| Stepping randomly (stuck).
 95753 | Temple   | 95753 ||| Stepping randomly (stuck).
 95755 | Temple   | 95755 ||| Stepping randomly (stuck).
 95757 | Temple   | 95757 ||| Stepping randomly (stuck).
 95759 | Temple   | 95759 ||| Stepping randomly (stuck).
 95761 | Temple   | 95761 ||| Stepping randomly (stuck).
 95763 | Temple   | 95763 ||| Stepping randomly (stuck).
 95765 | Temple   | 95765 ||| Stepping randomly (stuck).
 95767 | Temple   | 95767 ||| Stepping randomly (stuck).
 95769 | Temple   | 95769 ||| Stepping randomly (stuck).
 95771 | Temple   | 95771 ||| Stepping randomly (stuck).
 95773 | Temple   | 95773 ||| Stepping randomly (stuck).
 95775 | Temple   | 95775 ||| Stepping randomly (stuck).
 95777 | Temple   | 95777 ||| Stepping randomly (stuck).
 95779 | Temple   | 95779 ||| Stepping randomly (stuck).
 95781 | Temple   | 95781 ||| Stepping randomly (stuck).
 95783 | Temple   | 95783 ||| Stepping randomly (stuck).
 95785 | Temple   | 95785 ||| Stepping randomly (stuck).
 95787 | Temple   | 95787 ||| Stepping randomly (stuck).
 95789 | Temple   | 95789 ||| Stepping randomly (stuck).
 95791 | Temple   | 95791 ||| Stepping randomly (stuck).
 95793 | Temple   | 95793 ||| Stepping randomly (stuck).
 95795 | Temple   | 95795 ||| Stepping randomly (stuck).
 95797 | Temple   | 95797 ||| Stepping randomly (stuck).
 95799 | Temple   | 95799 ||| Stepping randomly (stuck).
 95801 | Temple   | 95801 ||| Stepping randomly (stuck).
 95803 | Temple   | 95803 ||| Stepping randomly (stuck).
 95805 | Temple   | 95805 ||| Stepping randomly (stuck).
 95807 | Temple   | 95807 ||| Stepping randomly (stuck).
 95809 | Temple   | 95809 ||| Stepping randomly (stuck).
 95811 | Temple   | 95811 ||| Stepping randomly (stuck).
 95813 | Temple   | 95813 ||| Stepping randomly (stuck).
 95815 | Temple   | 95815 ||| Stepping randomly (stuck).
 95817 | Temple   | 95817 ||| Stepping randomly (stuck).
 95819 | Temple   | 95819 ||| Stepping randomly (stuck).
 95821 | Temple   | 95821 ||| Stepping randomly (stuck).
 95823 | Temple   | 95823 ||| Stepping randomly (stuck).
 95825 | Temple   | 95825 ||| Stepping randomly (stuck).
 95827 | Temple   | 95827 ||| Stepping randomly (stuck).
 95829 | Temple   | 95829 ||| Stepping randomly (stuck).
 95831 | Temple   | 95831 ||| Stepping randomly (stuck).
 95833 | Temple   | 95833 ||| Stepping randomly (stuck).
 95835 | Temple   | 95835 ||| Stepping randomly (stuck).
 95837 | Temple   | 95837 ||| Stepping randomly (stuck).
 95839 | Temple   | 95839 ||| Stepping randomly (stuck).
 95841 | Temple   | 95841 ||| Stepping randomly (stuck).
 95843 | Temple   | 95843 ||| Stepping randomly (stuck).
 95845 | Temple   | 95845 ||| Stepping randomly (stuck).
 95847 | Temple   | 95847 ||| Stepping randomly (stuck).
 95849 | Temple   | 95849 ||| Stepping randomly (stuck).
 95851 | Temple   | 95851 ||| Stepping randomly (stuck).
 95853 | Temple   | 95853 ||| Stepping randomly (stuck).
 95855 | Temple   | 95855 ||| Stepping randomly (stuck).
 95857 | Temple   | 95857 ||| Stepping randomly (stuck).
 95859 | Temple   | 95859 ||| Stepping randomly (stuck).
 95861 | Temple   | 95861 ||| Stepping randomly (stuck).
 95863 | Temple   | 95863 ||| Stepping randomly (stuck).
 95865 | Temple   | 95865 ||| Stepping randomly (stuck).
 95867 | Temple   | 95867 ||| Stepping randomly (stuck).
 95869 | Temple   | 95869 ||| Stepping randomly (stuck).
 95871 | Temple   | 95871 ||| Stepping randomly (stuck).
 95873 | Temple   | 95873 ||| Stepping randomly (stuck).
 95875 | Temple   | 95875 ||| Stepping randomly (stuck).
 95877 | Temple   | 95877 ||| Stepping randomly (stuck).
 95879 | Temple   | 95879 ||| Stepping randomly (stuck).
 95881 | Temple   | 95881 ||| Stepping randomly (stuck).
 95883 | Temple   | 95883 ||| Stepping randomly (stuck).
 95885 | Temple   | 95885 ||| Stepping randomly (stuck).
 95887 | Temple   | 95887 ||| Stepping randomly (stuck).
 95889 | Temple   | 95889 ||| Stepping randomly (stuck).
 95891 | Temple   | 95891 ||| Stepping randomly (stuck).
 95893 | Temple   | 95893 ||| Stepping randomly (stuck).
 95895 | Temple   | 95895 ||| Stepping randomly (stuck).
 95897 | Temple   | 95897 ||| Stepping randomly (stuck).
 95899 | Temple   | 95899 ||| Stepping randomly (stuck).
 95901 | Temple   | 95901 ||| Stepping randomly (stuck).
 95903 | Temple   | 95903 ||| Stepping randomly (stuck).
 95905 | Temple   | 95905 ||| Stepping randomly (stuck).
 95907 | Temple   | 95907 ||| Stepping randomly (stuck).
 95909 | Temple   | 95909 ||| Stepping randomly (stuck).
 95911 | Temple   | 95911 ||| Stepping randomly (stuck).
 95913 | Temple   | 95913 ||| Stepping randomly (stuck).
 95915 | Temple   | 95915 ||| Stepping randomly (stuck).
 95917 | Temple   | 95917 ||| Stepping randomly (stuck).
 95919 | Temple   | 95919 ||| Stepping randomly (stuck).
 95921 | Temple   | 95921 ||| Stepping randomly (stuck).
 95923 | Temple   | 95923 ||| Stepping randomly (stuck).
 95925 | Temple   | 95925 ||| Stepping randomly (stuck).
 95927 | Temple   | 95927 ||| Stepping randomly (stuck).
 95929 | Temple   | 95929 ||| Stepping randomly (stuck).
 95931 | Temple   | 95931 ||| Stepping randomly (stuck).
 95933 | Temple   | 95933 ||| Stepping randomly (stuck).
 95935 | Temple   | 95935 ||| Stepping randomly (stuck).
 95937 | Temple   | 95937 ||| Stepping randomly (stuck).
 95939 | Temple   | 95939 ||| Stepping randomly (stuck).
 95941 | Temple   | 95941 ||| Stepping randomly (stuck).
 95943 | Temple   | 95943 ||| Stepping randomly (stuck).
 95945 | Temple   | 95945 ||| Stepping randomly (stuck).
 95947 | Temple   | 95947 ||| Stepping randomly (stuck).
 95949 | Temple   | 95949 ||| Stepping randomly (stuck).
 95951 | Temple   | 95951 ||| Stepping randomly (stuck).
 95953 | Temple   | 95953 ||| Stepping randomly (stuck).
 95955 | Temple   | 95955 ||| Stepping randomly (stuck).
 95957 | Temple   | 95957 ||| Stepping randomly (stuck).
 95959 | Temple   | 95959 ||| Stepping randomly (stuck).
 95961 | Temple   | 95961 ||| Stepping randomly (stuck).
 95963 | Temple   | 95963 ||| Stepping randomly (stuck).
 95965 | Temple   | 95965 ||| Stepping randomly (stuck).
 95967 | Temple   | 95967 ||| Stepping randomly (stuck).
 95969 | Temple   | 95969 ||| Stepping randomly (stuck).
 95971 | Temple   | 95971 ||| Stepping randomly (stuck).
 95973 | Temple   | 95973 ||| Stepping randomly (stuck).
 95975 | Temple   | 95975 ||| Stepping randomly (stuck).
 95977 | Temple   | 95977 ||| Stepping randomly (stuck).
 95979 | Temple   | 95979 ||| Stepping randomly (stuck).
 95981 | Temple   | 95981 ||| Stepping randomly (stuck).
 95983 | Temple   | 95983 ||| Stepping randomly (stuck).
 95985 | Temple   | 95985 ||| Stepping randomly (stuck).
 95987 | Temple   | 95987 ||| Stepping randomly (stuck).
 95989 | Temple   | 95989 ||| Stepping randomly (stuck).
 95991 | Temple   | 95991 ||| Stepping randomly (stuck).
 95993 | Temple   | 95993 ||| Stepping randomly (stuck).
 95995 | Temple   | 95995 ||| Stepping randomly (stuck).
 95997 | Temple   | 95997 ||| Stepping randomly (stuck).
 95999 | Temple   | 95999 ||| Stepping randomly (stuck).
 96001 | Temple   | 96001 ||| Stepping randomly (stuck).
 96003 | Temple   | 96003 ||| Stepping randomly (stuck).
 96005 | Temple   | 96005 ||| Stepping randomly (stuck).
 96007 | Temple   | 96007 ||| Stepping randomly (stuck).
 96009 | Temple   | 96009 ||| Stepping randomly (stuck).
 96011 | Temple   | 96011 ||| Stepping randomly (stuck).
 96013 | Temple   | 96013 ||| Stepping randomly (stuck).
 96015 | Temple   | 96015 ||| Stepping randomly (stuck).
 96017 | Temple   | 96017 ||| Stepping randomly (stuck).
 96019 | Temple   | 96019 ||| Stepping randomly (stuck).
 96021 | Temple   | 96021 ||| Stepping randomly (stuck).
 96023 | Temple   | 96023 ||| Stepping randomly (stuck).
 96025 | Temple   | 96025 ||| Stepping randomly (stuck).
 96027 | Temple   | 96027 ||| Stepping randomly (stuck).
 96029 | Temple   | 96029 ||| Stepping randomly (stuck).
 96031 | Temple   | 96031 ||| Stepping randomly (stuck).
 96033 | Temple   | 96033 ||| Stepping randomly (stuck).
 96035 | Temple   | 96035 ||| Stepping randomly (stuck).
 96037 | Temple   | 96037 ||| Stepping randomly (stuck).
 96039 | Temple   | 96039 ||| Stepping randomly (stuck).
 96041 | Temple   | 96041 ||| Stepping randomly (stuck).
 96043 | Temple   | 96043 ||| Stepping randomly (stuck).
 96045 | Temple   | 96045 ||| Stepping randomly (stuck).
 96047 | Temple   | 96047 ||| Stepping randomly (stuck).
 96049 | Temple   | 96049 ||| Stepping randomly (stuck).
 96051 | Temple   | 96051 ||| Stepping randomly (stuck).
 96053 | Temple   | 96053 ||| Stepping randomly (stuck).
 96055 | Temple   | 96055 ||| Stepping randomly (stuck).
 96057 | Temple   | 96057 ||| Stepping randomly (stuck).
 96059 | Temple   | 96059 ||| Stepping randomly (stuck).
 96061 | Temple   | 96061 ||| Stepping randomly (stuck).
 96063 | Temple   | 96063 ||| Stepping randomly (stuck).
 96065 | Temple   | 96065 ||| Stepping randomly (stuck).
 96067 | Temple   | 96067 ||| Stepping randomly (stuck).
 96069 | Temple   | 96069 ||| Stepping randomly (stuck).
 96071 | Temple   | 96071 ||| Stepping randomly (stuck).
 96073 | Temple   | 96073 ||| Stepping randomly (stuck).
 96075 | Temple   | 96075 ||| Stepping randomly (stuck).
 96077 | Temple   | 96077 ||| Stepping randomly (stuck).
 96079 | Temple   | 96079 ||| Stepping randomly (stuck).
 96081 | Temple   | 96081 ||| Stepping randomly (stuck).
 96083 | Temple   | 96083 ||| Stepping randomly (stuck).
 96085 | Temple   | 96085 ||| Stepping randomly (stuck).
 96087 | Temple   | 96087 ||| Stepping randomly (stuck).
 96089 | Temple   | 96089 ||| Stepping randomly (stuck).
 96091 | Temple   | 96091 ||| Stepping randomly (stuck).
 96093 | Temple   | 96093 ||| Stepping randomly (stuck).
 96095 | Temple   | 96095 ||| Stepping randomly (stuck).
 96097 | Temple   | 96097 ||| Stepping randomly (stuck).
 96099 | Temple   | 96099 ||| Stepping randomly (stuck).
 96101 | Temple   | 96101 ||| Stepping randomly (stuck).
 96103 | Temple   | 96103 ||| Stepping randomly (stuck).
 96105 | Temple   | 96105 ||| Stepping randomly (stuck).
 96107 | Temple   | 96107 ||| Stepping randomly (stuck).
 96109 | Temple   | 96109 ||| Stepping randomly (stuck).
 96111 | Temple   | 96111 ||| Stepping randomly (stuck).
 96113 | Temple   | 96113 ||| Stepping randomly (stuck).
 96115 | Temple   | 96115 ||| Stepping randomly (stuck).
 96117 | Temple   | 96117 ||| Stepping randomly (stuck).
 96119 | Temple   | 96119 ||| Stepping randomly (stuck).
 96121 | Temple   | 96121 ||| Stepping randomly (stuck).
 96123 | Temple   | 96123 ||| Stepping randomly (stuck).
 96125 | Temple   | 96125 ||| Stepping randomly (stuck).
 96127 | Temple   | 96127 ||| Stepping randomly (stuck).
 96129 | Temple   | 96129 ||| Stepping randomly (stuck).
 96131 | Temple   | 96131 ||| Stepping randomly (stuck).
 96133 | Temple   | 96133 ||| Stepping randomly (stuck).
 96135 | Temple   | 96135 ||| Stepping randomly (stuck).
 96137 | Temple   | 96137 ||| Stepping randomly (stuck).
 96139 | Temple   | 96139 ||| Stepping randomly (stuck).
 96141 | Temple   | 96141 ||| Stepping randomly (stuck).
 96143 | Temple   | 96143 ||| Stepping randomly (stuck).
 96145 | Temple   | 96145 ||| Stepping randomly (stuck).
 96147 | Temple   | 96147 ||| Stepping randomly (stuck).
 96149 | Temple   | 96149 ||| Stepping randomly (stuck).
 96151 | Temple   | 96151 ||| Stepping randomly (stuck).
 96153 | Temple   | 96153 ||| Stepping randomly (stuck).
 96155 | Temple   | 96155 ||| Stepping randomly (stuck).
 96157 | Temple   | 96157 ||| Stepping randomly (stuck).
 96159 | Temple   | 96159 ||| Stepping randomly (stuck).
 96161 | Temple   | 96161 ||| Stepping randomly (stuck).
 96163 | Temple   | 96163 ||| Stepping randomly (stuck).
 96165 | Temple   | 96165 ||| Stepping randomly (stuck).
 96167 | Temple   | 96167 ||| Stepping randomly (stuck).
 96169 | Temple   | 96169 ||| Stepping randomly (stuck).
 96171 | Temple   | 96171 ||| Stepping randomly (stuck).
 96173 | Temple   | 96173 ||| Stepping randomly (stuck).
 96175 | Temple   | 96175 ||| Stepping randomly (stuck).
 96177 | Temple   | 96177 ||| Stepping randomly (stuck).
 96179 | Temple   | 96179 ||| Stepping randomly (stuck).
 96181 | Temple   | 96181 ||| Stepping randomly (stuck).
 96183 | Temple   | 96183 ||| Stepping randomly (stuck).
 96185 | Temple   | 96185 ||| Stepping randomly (stuck).
 96187 | Temple   | 96187 ||| Stepping randomly (stuck).
 96189 | Temple   | 96189 ||| Stepping randomly (stuck).
 96191 | Temple   | 96191 ||| Stepping randomly (stuck).
 96193 | Temple   | 96193 ||| Stepping randomly (stuck).
 96195 | Temple   | 96195 ||| Stepping randomly (stuck).
 96197 | Temple   | 96197 ||| Stepping randomly (stuck).
 96199 | Temple   | 96199 ||| Stepping randomly (stuck).
 96201 | Temple   | 96201 ||| Stepping randomly (stuck).
 96203 | Temple   | 96203 ||| Stepping randomly (stuck).
 96205 | Temple   | 96205 ||| Stepping randomly (stuck).
 96207 | Temple   | 96207 ||| Stepping randomly (stuck).
 96209 | Temple   | 96209 ||| Stepping randomly (stuck).
 96211 | Temple   | 96211 ||| Stepping randomly (stuck).
 96213 | Temple   | 96213 ||| Stepping randomly (stuck).
 96215 | Temple   | 96215 ||| Stepping randomly (stuck).
 96217 | Temple   | 96217 ||| Stepping randomly (stuck).
 96219 | Temple   | 96219 ||| Stepping randomly (stuck).
 96221 | Temple   | 96221 ||| Stepping randomly (stuck).
 96223 | Temple   | 96223 ||| Stepping randomly (stuck).
 96225 | Temple   | 96225 ||| Stepping randomly (stuck).
 96227 | Temple   | 96227 ||| Stepping randomly (stuck).
 96229 | Temple   | 96229 ||| Stepping randomly (stuck).
 96231 | Temple   | 96231 ||| Stepping randomly (stuck).
 96233 | Temple   | 96233 ||| Stepping randomly (stuck).
 96235 | Temple   | 96235 ||| Stepping randomly (stuck).
 96237 | Temple   | 96237 ||| Stepping randomly (stuck).
 96239 | Temple   | 96239 ||| Stepping randomly (stuck).
 96241 | Temple   | 96241 ||| Stepping randomly (stuck).
 96243 | Temple   | 96243 ||| Stepping randomly (stuck).
 96245 | Temple   | 96245 ||| Stepping randomly (stuck).
 96247 | Temple   | 96247 ||| Stepping randomly (stuck).
 96249 | Temple   | 96249 ||| Stepping randomly (stuck).
 96251 | Temple   | 96251 ||| Stepping randomly (stuck).
 96253 | Temple   | 96253 ||| Stepping randomly (stuck).
 96255 | Temple   | 96255 ||| Stepping randomly (stuck).
 96257 | Temple   | 96257 ||| Stepping randomly (stuck).
 96259 | Temple   | 96259 ||| Stepping randomly (stuck).
 96261 | Temple   | 96261 ||| Stepping randomly (stuck).
 96263 | Temple   | 96263 ||| Stepping randomly (stuck).
 96265 | Temple   | 96265 ||| Stepping randomly (stuck).
 96267 | Temple   | 96267 ||| Stepping randomly (stuck).
 96269 | Temple   | 96269 ||| Stepping randomly (stuck).
 96271 | Temple   | 96271 ||| Stepping randomly (stuck).
 96273 | Temple   | 96273 ||| Stepping randomly (stuck).
 96275 | Temple   | 96275 ||| Stepping randomly (stuck).
 96277 | Temple   | 96277 ||| Stepping randomly (stuck).
 96279 | Temple   | 96279 ||| Stepping randomly (stuck).
 96281 | Temple   | 96281 ||| Stepping randomly (stuck).
 96283 | Temple   | 96283 ||| Stepping randomly (stuck).
 96285 | Temple   | 96285 ||| Stepping randomly (stuck).
 96287 | Temple   | 96287 ||| Stepping randomly (stuck).
 96289 | Temple   | 96289 ||| Stepping randomly (stuck).
 96291 | Temple   | 96291 ||| Stepping randomly (stuck).
 96293 | Temple   | 96293 ||| Stepping randomly (stuck).
 96295 | Temple   | 96295 ||| Stepping randomly (stuck).
 96297 | Temple   | 96297 ||| Stepping randomly (stuck).
 96299 | Temple   | 96299 ||| Stepping randomly (stuck).
 96301 | Temple   | 96301 ||| Stepping randomly (stuck).
 96303 | Temple   | 96303 ||| Stepping randomly (stuck).
 96305 | Temple   | 96305 ||| Stepping randomly (stuck).
 96307 | Temple   | 96307 ||| Stepping randomly (stuck).
 96309 | Temple   | 96309 ||| Stepping randomly (stuck).
 96311 | Temple   | 96311 ||| Stepping randomly (stuck).
 96313 | Temple   | 96313 ||| Stepping randomly (stuck).
 96315 | Temple   | 96315 ||| Stepping randomly (stuck).
 96317 | Temple   | 96317 ||| Stepping randomly (stuck).
 96319 | Temple   | 96319 ||| Stepping randomly (stuck).
 96321 | Temple   | 96321 ||| Stepping randomly (stuck).
 96323 | Temple   | 96323 ||| Stepping randomly (stuck).
 96325 | Temple   | 96325 ||| Stepping randomly (stuck).
 96327 | Temple   | 96327 ||| Stepping randomly (stuck).
 96329 | Temple   | 96329 ||| Stepping randomly (stuck).
 96331 | Temple   | 96331 ||| Stepping randomly (stuck).
 96333 | Temple   | 96333 ||| Stepping randomly (stuck).
 96335 | Temple   | 96335 ||| Stepping randomly (stuck).
 96337 | Temple   | 96337 ||| Stepping randomly (stuck).
 96339 | Temple   | 96339 ||| Stepping randomly (stuck).
 96341 | Temple   | 96341 ||| Stepping randomly (stuck).
 96343 | Temple   | 96343 ||| Stepping randomly (stuck).
 96345 | Temple   | 96345 ||| Stepping randomly (stuck).
 96347 | Temple   | 96347 ||| Stepping randomly (stuck).
 96349 | Temple   | 96349 ||| Stepping randomly (stuck).
 96351 | Temple   | 96351 ||| Stepping randomly (stuck).
 96353 | Temple   | 96353 ||| Stepping randomly (stuck).
 96355 | Temple   | 96355 ||| Stepping randomly (stuck).
 96357 | Temple   | 96357 ||| Stepping randomly (stuck).
 96359 | Temple   | 96359 ||| Stepping randomly (stuck).
 96361 | Temple   | 96361 ||| Stepping randomly (stuck).
 96363 | Temple   | 96363 ||| Stepping randomly (stuck).
 96365 | Temple   | 96365 ||| Stepping randomly (stuck).
 96367 | Temple   | 96367 ||| Stepping randomly (stuck).
 96369 | Temple   | 96369 ||| Stepping randomly (stuck).
 96371 | Temple   | 96371 ||| Stepping randomly (stuck).
 96373 | Temple   | 96373 ||| Stepping randomly (stuck).
 96375 | Temple   | 96375 ||| Stepping randomly (stuck).
 96377 | Temple   | 96377 ||| Stepping randomly (stuck).
 96379 | Temple   | 96379 ||| Stepping randomly (stuck).
 96381 | Temple   | 96381 ||| Stepping randomly (stuck).
 96383 | Temple   | 96383 ||| Stepping randomly (stuck).
 96385 | Temple   | 96385 ||| Stepping randomly (stuck).
 96387 | Temple   | 96387 ||| Stepping randomly (stuck).
 96389 | Temple   | 96389 ||| Stepping randomly (stuck).
 96391 | Temple   | 96391 ||| Stepping randomly (stuck).
 96393 | Temple   | 96393 ||| Stepping randomly (stuck).
 96395 | Temple   | 96395 ||| Stepping randomly (stuck).
 96397 | Temple   | 96397 ||| Stepping randomly (stuck).
 96399 | Temple   | 96399 ||| Stepping randomly (stuck).
 96401 | Temple   | 96401 ||| Stepping randomly (stuck).
 96403 | Temple   | 96403 ||| Stepping randomly (stuck).
 96405 | Temple   | 96405 ||| Stepping randomly (stuck).
 96407 | Temple   | 96407 ||| Stepping randomly (stuck).
 96409 | Temple   | 96409 ||| Stepping randomly (stuck).
 96411 | Temple   | 96411 ||| Stepping randomly (stuck).
 96413 | Temple   | 96413 ||| Stepping randomly (stuck).
 96415 | Temple   | 96415 ||| Stepping randomly (stuck).
 96417 | Temple   | 96417 ||| Stepping randomly (stuck).
 96419 | Temple   | 96419 ||| Stepping randomly (stuck).
 96421 | Temple   | 96421 ||| Stepping randomly (stuck).
 96423 | Temple   | 96423 ||| Stepping randomly (stuck).
 96425 | Temple   | 96425 ||| Stepping randomly (stuck).
 96427 | Temple   | 96427 ||| Stepping randomly (stuck).
 96429 | Temple   | 96429 ||| Stepping randomly (stuck).
 96431 | Temple   | 96431 ||| Stepping randomly (stuck).
 96433 | Temple   | 96433 ||| Stepping randomly (stuck).
 96435 | Temple   | 96435 ||| Stepping randomly (stuck).
 96437 | Temple   | 96437 ||| Stepping randomly (stuck).
 96439 | Temple   | 96439 ||| Stepping randomly (stuck).
 96441 | Temple   | 96441 ||| Stepping randomly (stuck).
 96443 | Temple   | 96443 ||| Stepping randomly (stuck).
 96445 | Temple   | 96445 ||| Stepping randomly (stuck).
 96447 | Temple   | 96447 ||| Stepping randomly (stuck).
 96449 | Temple   | 96449 ||| Stepping randomly (stuck).
 96451 | Temple   | 96451 ||| Stepping randomly (stuck).
 96453 | Temple   | 96453 ||| Stepping randomly (stuck).
 96455 | Temple   | 96455 ||| Stepping randomly (stuck).
 96457 | Temple   | 96457 ||| Stepping randomly (stuck).
 96459 | Temple   | 96459 ||| Stepping randomly (stuck).
 96461 | Temple   | 96461 ||| Stepping randomly (stuck).
 96463 | Temple   | 96463 ||| Stepping randomly (stuck).
 96465 | Temple   | 96465 ||| Stepping randomly (stuck).
 96467 | Temple   | 96467 ||| Stepping randomly (stuck).
 96469 | Temple   | 96469 ||| Stepping randomly (stuck).
 96471 | Temple   | 96471 ||| Stepping randomly (stuck).
 96473 | Temple   | 96473 ||| Stepping randomly (stuck).
 96475 | Temple   | 96475 ||| Stepping randomly (stuck).
 96477 | Temple   | 96477 ||| Stepping randomly (stuck).
 96479 | Temple   | 96479 ||| Stepping randomly (stuck).
 96481 | Temple   | 96481 ||| Stepping randomly (stuck).
 96483 | Temple   | 96483 ||| Stepping randomly (stuck).
 96485 | Temple   | 96485 ||| Stepping randomly (stuck).
 96487 | Temple   | 96487 ||| Stepping randomly (stuck).
 96489 | Temple   | 96489 ||| Stepping randomly (stuck).
 96491 | Temple   | 96491 ||| Stepping randomly (stuck).
 96493 | Temple   | 96493 ||| Stepping randomly (stuck).
 96495 | Temple   | 96495 ||| Stepping randomly (stuck).
 96497 | Temple   | 96497 ||| Stepping randomly (stuck).
 96499 | Temple   | 96499 ||| Stepping randomly (stuck).
 96501 | Temple   | 96501 ||| Stepping randomly (stuck).
 96503 | Temple   | 96503 ||| Stepping randomly (stuck).
 96505 | Temple   | 96505 ||| Stepping randomly (stuck).
 96507 | Temple   | 96507 ||| Stepping randomly (stuck).
 96509 | Temple   | 96509 ||| Stepping randomly (stuck).
 96511 | Temple   | 96511 ||| Stepping randomly (stuck).
 96513 | Temple   | 96513 ||| Stepping randomly (stuck).
 96515 | Temple   | 96515 ||| Stepping randomly (stuck).
 96517 | Temple   | 96517 ||| Stepping randomly (stuck).
 96519 | Temple   | 96519 ||| Stepping randomly (stuck).
 96521 | Temple   | 96521 ||| Stepping randomly (stuck).
 96523 | Temple   | 96523 ||| Stepping randomly (stuck).
 96525 | Temple   | 96525 ||| Stepping randomly (stuck).
 96527 | Temple   | 96527 ||| Stepping randomly (stuck).
 96529 | Temple   | 96529 ||| Stepping randomly (stuck).
 96531 | Temple   | 96531 ||| Stepping randomly (stuck).
 96533 | Temple   | 96533 ||| Stepping randomly (stuck).
 96535 | Temple   | 96535 ||| Stepping randomly (stuck).
 96537 | Temple   | 96537 ||| Stepping randomly (stuck).
 96539 | Temple   | 96539 ||| Stepping randomly (stuck).
 96541 | Temple   | 96541 ||| Stepping randomly (stuck).
 96543 | Temple   | 96543 ||| Stepping randomly (stuck).
 96545 | Temple   | 96545 ||| Stepping randomly (stuck).
 96547 | Temple   | 96547 ||| Stepping randomly (stuck).
 96549 | Temple   | 96549 ||| Stepping randomly (stuck).
 96551 | Temple   | 96551 ||| Stepping randomly (stuck).
 96553 | Temple   | 96553 ||| Stepping randomly (stuck).
 96555 | Temple   | 96555 ||| Stepping randomly (stuck).
 96557 | Temple   | 96557 ||| Stepping randomly (stuck).
 96559 | Temple   | 96559 ||| Stepping randomly (stuck).
 96561 | Temple   | 96561 ||| Stepping randomly (stuck).
 96563 | Temple   | 96563 ||| Stepping randomly (stuck).
 96565 | Temple   | 96565 ||| Stepping randomly (stuck).
 96567 | Temple   | 96567 ||| Stepping randomly (stuck).
 96569 | Temple   | 96569 ||| Stepping randomly (stuck).
 96571 | Temple   | 96571 ||| Stepping randomly (stuck).
 96573 | Temple   | 96573 ||| Stepping randomly (stuck).
 96575 | Temple   | 96575 ||| Stepping randomly (stuck).
 96577 | Temple   | 96577 ||| Stepping randomly (stuck).
 96579 | Temple   | 96579 ||| Stepping randomly (stuck).
 96581 | Temple   | 96581 ||| Stepping randomly (stuck).
 96583 | Temple   | 96583 ||| Stepping randomly (stuck).
 96585 | Temple   | 96585 ||| Stepping randomly (stuck).
 96587 | Temple   | 96587 ||| Stepping randomly (stuck).
 96589 | Temple   | 96589 ||| Stepping randomly (stuck).
 96591 | Temple   | 96591 ||| Stepping randomly (stuck).
 96593 | Temple   | 96593 ||| Stepping randomly (stuck).
 96595 | Temple   | 96595 ||| Stepping randomly (stuck).
 96597 | Temple   | 96597 ||| Stepping randomly (stuck).
 96599 | Temple   | 96599 ||| Stepping randomly (stuck).
 96601 | Temple   | 96601 ||| Stepping randomly (stuck).
 96603 | Temple   | 96603 ||| Stepping randomly (stuck).
 96605 | Temple   | 96605 ||| Stepping randomly (stuck).
 96607 | Temple   | 96607 ||| Stepping randomly (stuck).
 96609 | Temple   | 96609 ||| Stepping randomly (stuck).
 96611 | Temple   | 96611 ||| Stepping randomly (stuck).
 96613 | Temple   | 96613 ||| Stepping randomly (stuck).
 96615 | Temple   | 96615 ||| Stepping randomly (stuck).
 96617 | Temple   | 96617 ||| Stepping randomly (stuck).
 96619 | Temple   | 96619 ||| Stepping randomly (stuck).
 96621 | Temple   | 96621 ||| Stepping randomly (stuck).
 96623 | Temple   | 96623 ||| Stepping randomly (stuck).
 96625 | Temple   | 96625 ||| Stepping randomly (stuck).
 96627 | Temple   | 96627 ||| Stepping randomly (stuck).
 96629 | Temple   | 96629 ||| Stepping randomly (stuck).
 96631 | Temple   | 96631 ||| Stepping randomly (stuck).
 96633 | Temple   | 96633 ||| Stepping randomly (stuck).
 96635 | Temple   | 96635 ||| Stepping randomly (stuck).
 96637 | Temple   | 96637 ||| Stepping randomly (stuck).
 96639 | Temple   | 96639 ||| Stepping randomly (stuck).
 96641 | Temple   | 96641 ||| Stepping randomly (stuck).
 96643 | Temple   | 96643 ||| Stepping randomly (stuck).
 96645 | Temple   | 96645 ||| Stepping randomly (stuck).
 96647 | Temple   | 96647 ||| Stepping randomly (stuck).
 96649 | Temple   | 96649 ||| Stepping randomly (stuck).
 96651 | Temple   | 96651 ||| Stepping randomly (stuck).
 96653 | Temple   | 96653 ||| Stepping randomly (stuck).
 96655 | Temple   | 96655 ||| Stepping randomly (stuck).
 96657 | Temple   | 96657 ||| Stepping randomly (stuck).
 96659 | Temple   | 96659 ||| Stepping randomly (stuck).
 96661 | Temple   | 96661 ||| Stepping randomly (stuck).
 96663 | Temple   | 96663 ||| Stepping randomly (stuck).
 96665 | Temple   | 96665 ||| Stepping randomly (stuck).
 96667 | Temple   | 96667 ||| Stepping randomly (stuck).
 96669 | Temple   | 96669 ||| Stepping randomly (stuck).
 96671 | Temple   | 96671 ||| Stepping randomly (stuck).
 96673 | Temple   | 96673 ||| Stepping randomly (stuck).
 96675 | Temple   | 96675 ||| Stepping randomly (stuck).
 96677 | Temple   | 96677 ||| Stepping randomly (stuck).
 96679 | Temple   | 96679 ||| Stepping randomly (stuck).
 96681 | Temple   | 96681 ||| Stepping randomly (stuck).
 96683 | Temple   | 96683 ||| Stepping randomly (stuck).
 96685 | Temple   | 96685 ||| Stepping randomly (stuck).
 96687 | Temple   | 96687 ||| Stepping randomly (stuck).
 96689 | Temple   | 96689 ||| Stepping randomly (stuck).
 96691 | Temple   | 96691 ||| Stepping randomly (stuck).
 96693 | Temple   | 96693 ||| Stepping randomly (stuck).
 96695 | Temple   | 96695 ||| Stepping randomly (stuck).
 96697 | Temple   | 96697 ||| Stepping randomly (stuck).
 96699 | Temple   | 96699 ||| Stepping randomly (stuck).
 96701 | Temple   | 96701 ||| Stepping randomly (stuck).
 96703 | Temple   | 96703 ||| Stepping randomly (stuck).
 96705 | Temple   | 96705 ||| Stepping randomly (stuck).
 96707 | Temple   | 96707 ||| Stepping randomly (stuck).
 96709 | Temple   | 96709 ||| Stepping randomly (stuck).
 96711 | Temple   | 96711 ||| Stepping randomly (stuck).
 96713 | Temple   | 96713 ||| Stepping randomly (stuck).
 96715 | Temple   | 96715 ||| Stepping randomly (stuck).
 96717 | Temple   | 96717 ||| Stepping randomly (stuck).
 96719 | Temple   | 96719 ||| Stepping randomly (stuck).
 96721 | Temple   | 96721 ||| Stepping randomly (stuck).
 96723 | Temple   | 96723 ||| Stepping randomly (stuck).
 96725 | Temple   | 96725 ||| Stepping randomly (stuck).
 96727 | Temple   | 96727 ||| Stepping randomly (stuck).
 96729 | Temple   | 96729 ||| Stepping randomly (stuck).
 96731 | Temple   | 96731 ||| Stepping randomly (stuck).
 96733 | Temple   | 96733 ||| Stepping randomly (stuck).
 96735 | Temple   | 96735 ||| Stepping randomly (stuck).
 96737 | Temple   | 96737 ||| Stepping randomly (stuck).
 96739 | Temple   | 96739 ||| Stepping randomly (stuck).
 96741 | Temple   | 96741 ||| Stepping randomly (stuck).
 96743 | Temple   | 96743 ||| Stepping randomly (stuck).
 96745 | Temple   | 96745 ||| Stepping randomly (stuck).
 96747 | Temple   | 96747 ||| Stepping randomly (stuck).
 96749 | Temple   | 96749 ||| Stepping randomly (stuck).
 96751 | Temple   | 96751 ||| Stepping randomly (stuck).
 96753 | Temple   | 96753 ||| Stepping randomly (stuck).
 96755 | Temple   | 96755 ||| Stepping randomly (stuck).
 96757 | Temple   | 96757 ||| Stepping randomly (stuck).
 96759 | Temple   | 96759 ||| Stepping randomly (stuck).
 96761 | Temple   | 96761 ||| Stepping randomly (stuck).
 96763 | Temple   | 96763 ||| Stepping randomly (stuck).
 96765 | Temple   | 96765 ||| Stepping randomly (stuck).
 96767 | Temple   | 96767 ||| Stepping randomly (stuck).
 96769 | Temple   | 96769 ||| Stepping randomly (stuck).
 96771 | Temple   | 96771 ||| Stepping randomly (stuck).
 96773 | Temple   | 96773 ||| Stepping randomly (stuck).
 96775 | Temple   | 96775 ||| Stepping randomly (stuck).
 96777 | Temple   | 96777 ||| Stepping randomly (stuck).
 96779 | Temple   | 96779 ||| Stepping randomly (stuck).
 96781 | Temple   | 96781 ||| Stepping randomly (stuck).
 96783 | Temple   | 96783 ||| Stepping randomly (stuck).
 96785 | Temple   | 96785 ||| Stepping randomly (stuck).
 96787 | Temple   | 96787 ||| Stepping randomly (stuck).
 96789 | Temple   | 96789 ||| Stepping randomly (stuck).
 96791 | Temple   | 96791 ||| Stepping randomly (stuck).
 96793 | Temple   | 96793 ||| Stepping randomly (stuck).
 96795 | Temple   | 96795 ||| Stepping randomly (stuck).
 96797 | Temple   | 96797 ||| Stepping randomly (stuck).
 96799 | Temple   | 96799 ||| Stepping randomly (stuck).
 96801 | Temple   | 96801 ||| Stepping randomly (stuck).
 96803 | Temple   | 96803 ||| Stepping randomly (stuck).
 96805 | Temple   | 96805 ||| Stepping randomly (stuck).
 96807 | Temple   | 96807 ||| Stepping randomly (stuck).
 96809 | Temple   | 96809 ||| Stepping randomly (stuck).
 96811 | Temple   | 96811 ||| Stepping randomly (stuck).
 96813 | Temple   | 96813 ||| Stepping randomly (stuck).
 96815 | Temple   | 96815 ||| Stepping randomly (stuck).
 96817 | Temple   | 96817 ||| Stepping randomly (stuck).
 96819 | Temple   | 96819 ||| Stepping randomly (stuck).
 96821 | Temple   | 96821 ||| Stepping randomly (stuck).
 96823 | Temple   | 96823 ||| Stepping randomly (stuck).
 96825 | Temple   | 96825 ||| Stepping randomly (stuck).
 96827 | Temple   | 96827 ||| Stepping randomly (stuck).
 96829 | Temple   | 96829 ||| Stepping randomly (stuck).
 96831 | Temple   | 96831 ||| Stepping randomly (stuck).
 96833 | Temple   | 96833 ||| Stepping randomly (stuck).
 96835 | Temple   | 96835 ||| Stepping randomly (stuck).
 96837 | Temple   | 96837 ||| Stepping randomly (stuck).
 96839 | Temple   | 96839 ||| Stepping randomly (stuck).
 96841 | Temple   | 96841 ||| Stepping randomly (stuck).
 96843 | Temple   | 96843 ||| Stepping randomly (stuck).
 96845 | Temple   | 96845 ||| Stepping randomly (stuck).
 96847 | Temple   | 96847 ||| Stepping randomly (stuck).
 96849 | Temple   | 96849 ||| Stepping randomly (stuck).
 96851 | Temple   | 96851 ||| Stepping randomly (stuck).
 96853 | Temple   | 96853 ||| Stepping randomly (stuck).
 96855 | Temple   | 96855 ||| Stepping randomly (stuck).
 96857 | Temple   | 96857 ||| Stepping randomly (stuck).
 96859 | Temple   | 96859 ||| Stepping randomly (stuck).
 96861 | Temple   | 96861 ||| Stepping randomly (stuck).
 96863 | Temple   | 96863 ||| Stepping randomly (stuck).
 96865 | Temple   | 96865 ||| Stepping randomly (stuck).
 96867 | Temple   | 96867 ||| Stepping randomly (stuck).
 96869 | Temple   | 96869 ||| Stepping randomly (stuck).
 96871 | Temple   | 96871 ||| Stepping randomly (stuck).
 96873 | Temple   | 96873 ||| Stepping randomly (stuck).
 96875 | Temple   | 96875 ||| Stepping randomly (stuck).
 96877 | Temple   | 96877 ||| Stepping randomly (stuck).
 96879 | Temple   | 96879 ||| Stepping randomly (stuck).
 96881 | Temple   | 96881 ||| Stepping randomly (stuck).
 96883 | Temple   | 96883 ||| Stepping randomly (stuck).
 96885 | Temple   | 96885 ||| Stepping randomly (stuck).
 96887 | Temple   | 96887 ||| Stepping randomly (stuck).
 96889 | Temple   | 96889 ||| Stepping randomly (stuck).
 96891 | Temple   | 96891 ||| Stepping randomly (stuck).
 96893 | Temple   | 96893 ||| Stepping randomly (stuck).
 96895 | Temple   | 96895 ||| Stepping randomly (stuck).
 96897 | Temple   | 96897 ||| Stepping randomly (stuck).
 96899 | Temple   | 96899 ||| Stepping randomly (stuck).
 96901 | Temple   | 96901 ||| Stepping randomly (stuck).
 96903 | Temple   | 96903 ||| Stepping randomly (stuck).
 96905 | Temple   | 96905 ||| Stepping randomly (stuck).
 96907 | Temple   | 96907 ||| Stepping randomly (stuck).
 96909 | Temple   | 96909 ||| Stepping randomly (stuck).
 96911 | Temple   | 96911 ||| Stepping randomly (stuck).
 96913 | Temple   | 96913 ||| Stepping randomly (stuck).
 96915 | Temple   | 96915 ||| Stepping randomly (stuck).
 96917 | Temple   | 96917 ||| Stepping randomly (stuck).
 96919 | Temple   | 96919 ||| Stepping randomly (stuck).
 96921 | Temple   | 96921 ||| Stepping randomly (stuck).
 96923 | Temple   | 96923 ||| Stepping randomly (stuck).
 96925 | Temple   | 96925 ||| Stepping randomly (stuck).
 96927 | Temple   | 96927 ||| Stepping randomly (stuck).
 96929 | Temple   | 96929 ||| Stepping randomly (stuck).
 96931 | Temple   | 96931 ||| Stepping randomly (stuck).
 96933 | Temple   | 96933 ||| Stepping randomly (stuck).
 96935 | Temple   | 96935 ||| Stepping randomly (stuck).
 96937 | Temple   | 96937 ||| Stepping randomly (stuck).
 96939 | Temple   | 96939 ||| Stepping randomly (stuck).
 96941 | Temple   | 96941 ||| Stepping randomly (stuck).
 96943 | Temple   | 96943 ||| Stepping randomly (stuck).
 96945 | Temple   | 96945 ||| Stepping randomly (stuck).
 96947 | Temple   | 96947 ||| Stepping randomly (stuck).
 96949 | Temple   | 96949 ||| Stepping randomly (stuck).
 96951 | Temple   | 96951 ||| Stepping randomly (stuck).
 96953 | Temple   | 96953 ||| Stepping randomly (stuck).
 96955 | Temple   | 96955 ||| Stepping randomly (stuck).
 96957 | Temple   | 96957 ||| Stepping randomly (stuck).
 96959 | Temple   | 96959 ||| Stepping randomly (stuck).
 96961 | Temple   | 96961 ||| Stepping randomly (stuck).
 96963 | Temple   | 96963 ||| Stepping randomly (stuck).
 96965 | Temple   | 96965 ||| Stepping randomly (stuck).
 96967 | Temple   | 96967 ||| Stepping randomly (stuck).
 96969 | Temple   | 96969 ||| Stepping randomly (stuck).
 96971 | Temple   | 96971 ||| Stepping randomly (stuck).
 96973 | Temple   | 96973 ||| Stepping randomly (stuck).
 96975 | Temple   | 96975 ||| Stepping randomly (stuck).
 96977 | Temple   | 96977 ||| Stepping randomly (stuck).
 96979 | Temple   | 96979 ||| Stepping randomly (stuck).
 96981 | Temple   | 96981 ||| Stepping randomly (stuck).
 96983 | Temple   | 96983 ||| Stepping randomly (stuck).
 96985 | Temple   | 96985 ||| Stepping randomly (stuck).
 96987 | Temple   | 96987 ||| Stepping randomly (stuck).
 96989 | Temple   | 96989 ||| Stepping randomly (stuck).
 96991 | Temple   | 96991 ||| Stepping randomly (stuck).
 96993 | Temple   | 96993 ||| Stepping randomly (stuck).
 96995 | Temple   | 96995 ||| Stepping randomly (stuck).
 96997 | Temple   | 96997 ||| Stepping randomly (stuck).
 96999 | Temple   | 96999 ||| Stepping randomly (stuck).
 97001 | Temple   | 97001 ||| Stepping randomly (stuck).
 97003 | Temple   | 97003 ||| Stepping randomly (stuck).
 97005 | Temple   | 97005 ||| Stepping randomly (stuck).
 97007 | Temple   | 97007 ||| Stepping randomly (stuck).
 97009 | Temple   | 97009 ||| Stepping randomly (stuck).
 97011 | Temple   | 97011 ||| Stepping randomly (stuck).
 97013 | Temple   | 97013 ||| Stepping randomly (stuck).
 97015 | Temple   | 97015 ||| Stepping randomly (stuck).
 97017 | Temple   | 97017 ||| Stepping randomly (stuck).
 97019 | Temple   | 97019 ||| Stepping randomly (stuck).
 97021 | Temple   | 97021 ||| Stepping randomly (stuck).
 97023 | Temple   | 97023 ||| Stepping randomly (stuck).
 97025 | Temple   | 97025 ||| Stepping randomly (stuck).
 97027 | Temple   | 97027 ||| Stepping randomly (stuck).
 97029 | Temple   | 97029 ||| Stepping randomly (stuck).
 97031 | Temple   | 97031 ||| Stepping randomly (stuck).
 97033 | Temple   | 97033 ||| Stepping randomly (stuck).
 97035 | Temple   | 97035 ||| Stepping randomly (stuck).
 97037 | Temple   | 97037 ||| Stepping randomly (stuck).
 97039 | Temple   | 97039 ||| Stepping randomly (stuck).
 97041 | Temple   | 97041 ||| Stepping randomly (stuck).
 97043 | Temple   | 97043 ||| Stepping randomly (stuck).
 97045 | Temple   | 97045 ||| Stepping randomly (stuck).
 97047 | Temple   | 97047 ||| Stepping randomly (stuck).
 97049 | Temple   | 97049 ||| Stepping randomly (stuck).
 97051 | Temple   | 97051 ||| Stepping randomly (stuck).
 97053 | Temple   | 97053 ||| Stepping randomly (stuck).
 97055 | Temple   | 97055 ||| Stepping randomly (stuck).
 97057 | Temple   | 97057 ||| Stepping randomly (stuck).
 97059 | Temple   | 97059 ||| Stepping randomly (stuck).
 97061 | Temple   | 97061 ||| Stepping randomly (stuck).
 97063 | Temple   | 97063 ||| Stepping randomly (stuck).
 97065 | Temple   | 97065 ||| Stepping randomly (stuck).
 97067 | Temple   | 97067 ||| Stepping randomly (stuck).
 97069 | Temple   | 97069 ||| Stepping randomly (stuck).
 97071 | Temple   | 97071 ||| Stepping randomly (stuck).
 97073 | Temple   | 97073 ||| Stepping randomly (stuck).
 97075 | Temple   | 97075 ||| Stepping randomly (stuck).
 97077 | Temple   | 97077 ||| Stepping randomly (stuck).
 97079 | Temple   | 97079 ||| Stepping randomly (stuck).
 97081 | Temple   | 97081 ||| Stepping randomly (stuck).
 97083 | Temple   | 97083 ||| Stepping randomly (stuck).
 97085 | Temple   | 97085 ||| Stepping randomly (stuck).
 97087 | Temple   | 97087 ||| Stepping randomly (stuck).
 97089 | Temple   | 97089 ||| Stepping randomly (stuck).
 97091 | Temple   | 97091 ||| Stepping randomly (stuck).
 97093 | Temple   | 97093 ||| Stepping randomly (stuck).
 97095 | Temple   | 97095 ||| Stepping randomly (stuck).
 97097 | Temple   | 97097 ||| Stepping randomly (stuck).
 97099 | Temple   | 97099 ||| Stepping randomly (stuck).
 97101 | Temple   | 97101 ||| Stepping randomly (stuck).
 97103 | Temple   | 97103 ||| Stepping randomly (stuck).
 97105 | Temple   | 97105 ||| Stepping randomly (stuck).
 97107 | Temple   | 97107 ||| Stepping randomly (stuck).
 97109 | Temple   | 97109 ||| Stepping randomly (stuck).
 97111 | Temple   | 97111 ||| Stepping randomly (stuck).
 97113 | Temple   | 97113 ||| Stepping randomly (stuck).
 97115 | Temple   | 97115 ||| Stepping randomly (stuck).
 97117 | Temple   | 97117 ||| Stepping randomly (stuck).
 97119 | Temple   | 97119 ||| Stepping randomly (stuck).
 97121 | Temple   | 97121 ||| Stepping randomly (stuck).
 97123 | Temple   | 97123 ||| Stepping randomly (stuck).
 97125 | Temple   | 97125 ||| Stepping randomly (stuck).
 97127 | Temple   | 97127 ||| Stepping randomly (stuck).
 97129 | Temple   | 97129 ||| Stepping randomly (stuck).
 97131 | Temple   | 97131 ||| Stepping randomly (stuck).
 97133 | Temple   | 97133 ||| Stepping randomly (stuck).
 97135 | Temple   | 97135 ||| Stepping randomly (stuck).
 97137 | Temple   | 97137 ||| Stepping randomly (stuck).
 97139 | Temple   | 97139 ||| Stepping randomly (stuck).
 97141 | Temple   | 97141 ||| Stepping randomly (stuck).
 97143 | Temple   | 97143 ||| Stepping randomly (stuck).
 97145 | Temple   | 97145 ||| Stepping randomly (stuck).
 97147 | Temple   | 97147 ||| Stepping randomly (stuck).
 97149 | Temple   | 97149 ||| Stepping randomly (stuck).
 97151 | Temple   | 97151 ||| Stepping randomly (stuck).
 97153 | Temple   | 97153 ||| Stepping randomly (stuck).
 97155 | Temple   | 97155 ||| Stepping randomly (stuck).
 97157 | Temple   | 97157 ||| Stepping randomly (stuck).
 97159 | Temple   | 97159 ||| Stepping randomly (stuck).
 97161 | Temple   | 97161 ||| Stepping randomly (stuck).
 97163 | Temple   | 97163 ||| Stepping randomly (stuck).
 97165 | Temple   | 97165 ||| Stepping randomly (stuck).
 97167 | Temple   | Quit the game

Levels and vault maps discovered:
D:1:      spicycebolla_green_bress_n_ham, layout_loops_corners,
          shapermc_ecumenical_altar_ellora, serial_shops,
          nicolae_shop_temple_entry_statues_fountains,
          chequers_serial_rivers_micro_e
D:2:      cheibrodos_greedy_goblins, layout_rooms
D:3:      layout_rooms, uniq_terence
D:4:      layout_layer_cave, minmay_temple_entry_trees, serial_rivers,
          chequers_serial_rivers_micro_a, chequers_serial_rivers_micro_e,
          chequers_serial_rivers_room_b, chequers_serial_rivers_small_3,
          chequers_serial_rivers_micro_d, uniq_grinder
D:5:      layout_basic, serial_park_tiny_1, uniq_prince_ribbit1,
          uniq_blork_the_orc, uniq_edmund
D:6:      lemuel_slime, layout_loops_ring, minmay_misc_feat_x,
          hangedman_glass_teeth
D:7:      layout_basic, serial_shops, nicolae_inconvenience_store,
          nicolae_diamond_shop, shop_fountains, shop, kennysheep_little_box,
          nicolae_shop_clearance
D:8:      layout_basic, grunt_temple_overflow_open, enter_ossuary_2
D:9:      layout_cave_pools, erik_lair_island
D:10:     layout_layer_cave, enter_bailey_3, serial_glass, glass_columns_c,
          glass_columns_a
D:11:     layout_rooms, david_orc_2, minmay_hollow_rounded_squares
D:12:     layout_grid_maze, nicolae_uskayaw_en_pointe
D:13:     layout_basic, skrybe_vaults_entry_preservation, serial_corexii_hall,
          chequers_hall_statues_y, corexii_hall_statues_i,
          nemelex_lonely_heart_becter, uniq_frances, uniq_rupert
D:14:     statuecave_lemuel, layout_layer_cave,
          portal_ice_cave_entry_pillars_four, kennysheep_nub
D:15:     hangedman_depths_entry_civil_slaughter, layout_irregular_city,
          nicolae_titane, serial_shops, nicolae_shop_statue_plus,
          nicolae_looking_at_the_future, uniq_nessos
Temple:   nicolae_temple_bog_church
Lair:1:   layout_regular_city, gauntlet_entry_generic, columned_hall_lemuel,
          grunt_megastairs_4, serial_bayou_shore_a, serial_bayou_shore_b,
          uniq_sonja, uniq_gastronok
Lair:2:   layout_regular_city, spider_nest_entry_a, grunt_megastairs_1,
          infiniplex_staircase_pool_2, uniq_urug
Lair:3:   layout_regular_city, nicolae_swamp_entry_splash_gauntlet,
          grunt_megastairs_2, lemuel_fruit_tree
Lair:4:   layout_cellular_growth, dpeg_slime_entry_corner, nzn_sisyphean_effort
Lair:5:   evilmike_catoblepas_cave, layout_hall_layers, minmay_lair_oklob_bushes
Orc:1:    layout_caves
Orc:2:    pubby_orc_utopia, uniq_donald

Skill      XL: |  1  2  3  4  5  6  7  8  9 10 11 12 13 14 15 |
---------------+----------------------------------------------+-----
Axes           | 2 3 4 5 6 7 9 10 11 12 14 15 16 | 16.0
Fighting       | 4 5 7 8 10 11 12 | 12.0
Invocations    | 3 4 7 10 | 10.0
Dodging        | 1 2 |  2.0
Throwing       | 1 3 4 5 6 |  6.1
Armour         | 4 6 7 8 9 10 14 | 14.9
Shields        | 4 5 6 7 10 | 10.9

Action                   |  1- 3 |  4- 6 |  7- 9 | 10-12 | 13-15 | 16-18 || total
-------------------------+-------+-------+-------+-------+-------+-------++-------
Melee: War axe           |   107 |    92 |   282 |   373 |       |       ||   854
       Broad axe         |       |       |       |    57 |   941 |    30 ||  1028
Throw: Boomerang         |       |    10 |    68 |    11 |       |       ||    89
       Javelin           |       |       |    12 |    96 |   146 |     7 ||   261
Invok: Heroism           |       |       |    12 |    27 |    54 |     2 ||    95
       Finesse           |       |       |       |     4 |    12 |       ||    16
  Use: Scroll            |     2 |    10 |     8 |    12 |    10 |     2 ||    44
       Potion            |     1 |       |       |     2 |     3 |       ||     6
Armor: Scale mail        |    57 |     9 |       |       |       |       ||    66
       Fire dragon scale |       |    51 |    41 |       |       |       ||    92
       Plate armour      |       |       |   117 |   311 |   153 |       ||   581
       Crystal plate arm |       |       |       |       |   575 |    22 ||   597
Dodge: Dodged            |    41 |    44 |    67 |   134 |   243 |     8 ||   537
Block: Buckler           |    22 |    14 |    49 |    94 |   184 |       ||   363
       Kite shield       |       |       |       |       |   106 |    23 ||   129

Table legend:
 A = Non-vault XP
 B = Vault XP
 C = Vault XP percentage of total XP
 D = Non-vault monster count
 E = Vault monster count
 F = Vault count percentage of total count
                 A         B        C        D         E       F
            +---------+---------+-------+---------+---------+-------
      Total |   84175 |   46608 |  35.6 |     442 |     168 |  27.5
            +---------+---------+-------+---------+---------+-------
        D:1 |      26 |       0 |   0.0 |      14 |       0 |   0.0
        D:2 |      54 |      21 |  28.0 |      17 |      11 |  39.3
        D:3 |      98 |      36 |  26.9 |      21 |       1 |   4.5
        D:4 |     430 |     286 |  39.9 |      14 |       1 |   6.7
        D:5 |     695 |     529 |  43.2 |      10 |       3 |  23.1
        D:6 |     813 |     518 |  38.9 |      25 |      17 |  40.5
        D:7 |     842 |       0 |   0.0 |      21 |       0 |   0.0
        D:8 |     660 |       0 |   0.0 |       9 |       0 |   0.0
        D:9 |    3575 |     829 |  18.8 |      30 |       8 |  21.1
       D:10 |    2067 |       8 |   0.4 |      19 |       4 |  17.4
       D:11 |    2887 |    5295 |  64.7 |      24 |      17 |  41.5
       D:12 |    4253 |       0 |   0.0 |      14 |       0 |   0.0
       D:13 |    7625 |    9042 |  54.3 |      20 |      10 |  33.3
       D:14 |   14986 |       0 |   0.0 |      37 |       0 |   0.0
       D:15 |   11361 |    7540 |  39.9 |      20 |      22 |  52.4
     Lair:1 |    5024 |    3085 |  38.0 |      21 |       4 |  16.0
     Lair:2 |    4172 |    3055 |  42.3 |      22 |       6 |  21.4
     Lair:3 |    2520 |    2491 |  49.7 |      12 |      11 |  47.8
     Lair:4 |    3381 |     832 |  19.7 |       8 |       1 |  11.1
     Lair:5 |   14558 |   12719 |  46.6 |      46 |      24 |  34.3
      Orc:1 |    4148 |     167 |   3.9 |      38 |      11 |  22.4
      Orc:2 |       0 |       3 | 100.0 |       0 |       1 | 100.0
    Ossuary |       0 |     152 | 100.0 |       0 |      16 | 100.0
            +---------+---------+-------+---------+---------+-------
